Cogmind - Beta 11.1 @@@ ROGUE MODE // 2022.05.01 @ 19:18:53 Player: Azken Zutik Result: Destroyed 0B10! Performance ------------- Evolutions (9) 4500 Regions Visited (41) 8200 Robots Destroyed (1612) 8060 Value Destroyed (76892) 76892 Prototype IDs (310) 6200 Alien Tech Used (14) 2800 Bonus (118592) 118592 TOTAL SCORE: 225244 Bonus ------- Triggered High Security 2500 Triggered Max Security 4000 High Alert Combat Kills 61240 Follower Combat Kills 5481 Entered Garrisons 1200 Used RIF Installer 3000 Aligned with FarCom 300 Met Zhirov 300 Built Enhanced Grunts 300 A7 Reached Mainframe 300 Met R17 at Cetus 500 Read Decrypted Archives 300 Used Core Reset Matrix 3000 Scanned by Researcher 500 Pursued by Intercept 1500 Met Sigix 2000 Integrated Exoskeleton 5000 Escaped with Sigix 5000 Destroyed MAIN.C Guards 500 Met MAIN.C 5000 Destroyed MAIN.C Shell 5000 Destroyed MAIN.C 10000 Win 3000 Friendly Fire -1329 Cogmind --------- Core Integrity 169/1600 Matter 300/300 Energy 444/450 System Corruption 0% Temperature Cool (0) Movement Walking (30) Location Tau Ceti IV Orbit Parts ------- > --- POWER (1) -------- Improved Quantum Reactor > --- PROPULSION (3) --- Sigix Exoskeleton > --- UTILITY (6) ------ Experimental Armor Integrity Analyzer Experimental Weapon Cycler Experimental Reaction Control System Improved Core Shielding Graphene Brace AEGIS Remote Shield > --- WEAPON (3) ------- Sigix Sheargun Sigix Sheargun Sigix Sheargun > --- INVENTORY (5) ---- Compact Wheel Transdimensional Reconstructor Containment Facilitator (1) Sigix Containment Pod Peak State ------------ > --- POWER ------------ Improved Quantum Reactor > --- PROPULSION ------- Sigix Exoskeleton > --- UTILITY ---------- Experimental Armor Integrity Analyzer Experimental Weapon Cycler Experimental Reaction Control System Graphene Brace Experimental EM Disruption Field AEGIS Remote Shield > --- WEAPON ----------- Sigix Sheargun Sigix Sheargun Sigix Sheargun > --- INVENTORY -------- Transdimensional Reconstructor Containment Facilitator Sigix Containment Pod [Rating: 256] Favorites ----------- Power Enhanced Nuclear Core Engine Angular Momentum Engine Power Core Enhanced Nuclear Core Reactor Quantum Reactor Propulsion Heavy Treads Treads Heavy Treads Leg Improved Carbon-fiber Leg Wheel Armored Wheel Hover Unit Improved Hover Unit Flight Unit Flying Fortress v7 Utility Huge Storage Unit Device Advanced Heat Sink Storage Huge Storage Unit Processor Experimental Targeting Computer Hackware Relay Coupler [NC] Protection Improved Light Armor Plating Artifact Phase Redirector Weapon Flak Gun Energy Gun Sigix Sheargun Energy Cannon Core Cannon Ballistic Gun Flak Gun Ballistic Cannon Hypercooled Linear Accelerator Launcher Heavy Missile Launcher Special Weapon Remote Datajack Impact Weapon Shock Maul Slashing Weapon Great Axe Piercing Weapon Makeshift Spear Special Melee Weapon Advanced Datajack Build | -11 -10 -10 -9 -9 -9 -8 -8 -8 -8 -8 -8 -7 -7 -7 -7 -7 -7 -7 -7 -6 -6 -6 -6 -6 -6 -6 -6 -6 -5 -5 -5 -5 -4 -4 -3 -3 -3 -2 -2 -1 -1 ------- Run | Scr Mat Min Mat Min Exi Min Mat Gar Mat Sto Gar Fac Was Fac Gar Fac Low Low Zio Pro Fac Was Fac Ext Cet Arc Hub Gar Fac Was Fac Gar Fac Gar Res Qua Sec Res Tes Acc Com Slots Evolved 18 | . . . 2 . . . 2 . . . . 2 . . . . . . . . 2 . . . . . . . 2 . . . 2 . 2 . . 2 . 2 . Power 1 | . . . . . . . . . . . . . . . . . . . . . . . . . . . . . . . . . 1 . . . . . . . . Propulsion 4 | . . . 1 . . . 1 . . . . . . . . . . . . . . . . . . . . . 1 . . . . . 1 . . . . . . Utility 10 | . . . 1 . . . . . . . . 2 . . . . . . . . 2 . . . . . . . . . . . 1 . 1 . . 2 . 1 . Weapon 3 | . . . . . . . 1 . . . . . . . . . . . . . . . . . . . . . 1 . . . . . . . . . . 1 . Parts Attached 1512 | 4 11 5 20 1 25 9 44 26 78 48 14 63 11 70 26 6 11 9 13 20 208 12 35 27 43 4 8 35 20 14 146 31 17 46 28 128 66 24 3 11 92 Power 75 | . . . 2 . 2 . 2 1 . 1 1 4 . . 3 . 1 . . . 15 1 2 2 1 . . 2 1 2 4 2 1 5 1 14 1 . . 2 2 Engine 23 | . . . 2 . 1 . 1 1 . 1 1 . . . 1 . 1 . . . 9 . . 1 . . . 1 . . . 1 1 1 . . . . . . . Core 20 | . . . . . 1 . 1 . . . . 4 . . . . . . . . 5 . . 1 . . . . . . . . . 3 . 5 . . . . . Reactor 32 | . . . . . . . . . . . . . . . 2 . . . . . 1 1 2 . 1 . . 1 1 2 4 1 . 1 1 9 1 . . 2 2 Propulsion 146 | 2 . . 7 1 7 1 5 5 9 2 2 12 3 6 . . 1 3 . 3 25 2 2 1 2 . 5 6 1 6 4 4 . 2 3 13 1 . . . . Treads 123 | 2 . . 6 1 6 . . 3 8 2 2 10 3 6 . . 1 3 . 3 17 2 2 1 2 . 5 6 1 4 4 4 . 2 3 13 1 . . . . Leg 7 | . . . . . 1 . 4 1 . . . . . . . . . . . . 1 . . . . . . . . . . . . . . . . . . . . Wheel 14 | . . . 1 . . 1 . 1 1 . . 2 . . . . . . . . 6 . . . . . . . . 2 . . . . . . . . . . . Hover 1 | . . . . . . . . . . . . . . . . . . . . . 1 . . . . . . . . . . . . . . . . . . . . Flight 1 | . . . . . . . 1 . . . . . . . . . . . . . . . . . . . . . . . . . . . . . . . . . . Utility 665 | 1 3 2 3 . 6 4 7 3 21 10 3 22 3 24 12 . 1 3 4 6 122 5 20 10 16 1 3 9 4 3 70 14 9 20 15 69 51 24 3 5 54 Device 405 | 1 . . . . 2 1 5 2 11 9 1 11 1 8 4 . . . 4 1 86 3 10 6 8 . 2 2 1 . 41 4 5 10 13 50 33 21 2 5 42 Storage 32 | . 1 . . . . . . . . . . 1 . 1 2 . . . . 1 4 . . . . . . 1 . . 4 1 . 6 . 5 5 . . . . Processor 34 | . . . . . . . . . . . . 1 . 2 1 . . . . . 10 . 3 . . . . 1 . . 6 . . . 1 2 1 3 1 . 2 Hackware 20 | . . . . . . . . . 1 . . 2 1 3 2 . . . . . 1 . . 1 1 . . . . 1 2 . . 1 . . . . . . 4 Protection 172 | . 2 2 3 . 4 3 2 1 9 1 2 7 1 10 3 . 1 3 . 4 21 2 7 3 7 1 1 5 3 2 17 9 4 3 1 10 12 . . . 6 Artifact 2 | . . . . . . . . . . . . . . . . . . . . . . . . . . . . . . . . . . . . 2 . . . . . Weapon 626 | 1 8 3 8 . 10 4 30 17 48 35 8 25 5 40 11 6 8 3 9 11 46 4 11 14 24 3 . 18 14 3 68 11 7 19 9 32 13 . . 4 36 Energy Gun 36 | . . . . . . . . . 1 . . . . . . . . . . . . . . 1 1 . . . . 1 . . . . . . . . . 4 28 Energy Cannon 8 | . . . . . . . . . . . . . . . . . . . . . . . . 1 . . . . . . . . . . . 4 2 . . . 1 Ballistic Gun 304 | 1 4 1 1 . 3 1 18 11 23 15 4 14 3 26 6 4 3 3 2 7 28 2 8 9 12 3 . 15 7 . 39 6 3 15 5 2 . . . . . Ballistic Cannon 25 | . . . 4 . . 2 . . . . . . . . . . . . . . . . . . . . . . . . . . . 1 1 11 5 . . . 1 Launcher 118 | . 3 . 3 . 3 1 7 5 19 14 2 6 . 1 2 . 1 . 3 3 5 . 2 . 4 . . 2 3 . 12 1 1 3 3 2 2 . . . 5 Special Weapon 49 | . 1 1 . . . . . . 1 . . 2 1 8 2 . 2 . 3 1 3 1 . 3 5 . . . 1 1 9 . 2 . . 2 . . . . . Impact Weapon 48 | . . . . . . . 5 1 3 6 2 3 1 5 1 2 2 . . . . . . . . . . . . . . 1 1 . . 11 4 . . . . Slashing Weapon 35 | . . 1 . . 3 . . . . . . . . . . . . . 1 . 10 1 1 . 2 . . 1 3 1 8 3 . . . . . . . . . Piercing Weapon 1 | . . . . . 1 . . . . . . . . . . . . . . . . . . . . . . . . . . . . . . . . . . . . Special Melee Weapon 2 | . . . . . . . . . 1 . . . . . . . . . . . . . . . . . . . . . . . . . . . . . . . 1 Unidentified Prototypes 73 | . . . 1 . 5 . 2 . 2 1 . 1 . 1 . . . . . . 7 . . . 4 . . . . . 10 . . . 2 23 4 1 1 . 8 Corrupted Parts 7 | . . . . . . . . . . . . . . . . . . . . . . . . . 3 . . 4 . . . . . . . . . . . . . System Corruption 24 | . . . . . . . . . . . . . . . . . . . . . . . . . 10 . . 14 . . . . . . . . . . . . . Parts Lost 103 | . . 1 . . 8 2 1 2 1 1 . 14 . 1 . . . 2 . 9 6 . . 4 1 1 1 2 6 . 4 . . 9 4 16 5 . . . 2 Power 6 | . . . . . 1 . 1 . . . . . . . . . . . . . . . . . . . . 1 . . . . . . 1 2 . . . . . Propulsion 27 | . . . . . 4 1 . 1 . . . 5 . 1 . . . . . 3 5 . . 1 . . . . . . . . . 1 1 4 . . . . . Utility 48 | . . 1 . . 1 1 . 1 1 1 . 5 . . . . . 2 . 4 1 . . 2 . 1 1 1 4 . 4 . . 4 1 7 3 . . . 2 Weapon 22 | . . . . . 2 . . . . . . 4 . . . . . . . 2 . . . 1 1 . . . 2 . . . . 4 1 3 2 . . . . Highest Loss Streak 6 | . . 1 . . 4 2 1 2 1 1 . 6 . 1 . . . 1 . 6 1 . . 2 1 1 1 1 2 . 2 . . 4 2 4 3 . . . 1 To Critical Strikes 8 | . . . . . 6 . . . . . . . . . . . . . . . 1 . . 1 . . . . . . . . . . . . . . . . . Average Slot Usage (%) 83 | . 100 99 100 100 95 90 93 96 99 99 100 95 63 66 89 92 91 85 83 83 91 67 86 92 82 80 88 91 85 71 87 85 89 78 87 85 73 81 80 75 83 Engine 2 | . 14 14 11 11 11 . 5 9 9 9 9 . . . . . 6 . . . 5 . . . . . . 1 3 . . 2 10 5 . . . . . . . Core 1 | . . . . . . 11 3 . . . . 6 7 7 . . . . . . . . . 2 . . . . . . . . . 4 4 . . . . . . Reactor 2 | . . . . . . . . . . . . . . . 6 7 . . . . . 6 6 3 5 6 6 4 1 4 5 2 . . 3 6 4 9 9 7 7 Treads 17 | . 28 28 29 33 25 18 . 5 35 36 36 23 10 15 23 23 22 23 23 22 23 14 13 20 13 13 17 19 17 18 16 16 15 10 18 19 12 . . . . Leg 1 | . . . . . 3 . 28 26 . . . . . . . . . . . . . . . . . . . . . . . . . . . . . 9 9 7 7 Device 10 | . 1 . . . . 5 4 9 7 9 9 12 1 4 15 15 15 1 6 13 12 6 25 20 13 13 11 13 7 . 7 4 6 12 21 17 15 23 17 22 27 Storage 6 | . 14 14 11 11 11 11 9 9 9 9 9 7 7 7 7 7 7 7 7 10 6 6 6 6 6 6 6 6 5 5 5 8 5 5 4 4 5 9 9 7 . Processor 2 | . . . . . . . . . . . . 2 . . . . . . . . 2 . . . . . . 1 5 5 14 17 15 10 8 7 7 12 18 15 14 Hackware 3 | . . . . . . . . . 6 . . 3 1 1 5 7 7 . . . 5 6 . 2 6 13 13 13 11 5 4 . . 1 4 1 . . . . 1 Protection 10 | . 12 13 22 22 21 16 13 9 4 8 8 10 7 6 6 7 7 27 23 12 8 6 12 15 19 13 13 11 7 5 5 5 14 6 1 5 6 . . . . Energy Gun 1 | . . . . . . . . . . . . . . . . . . . . . . . . . . . . . . . . . . . . . 1 18 18 15 22 Ballistic Gun 14 | . 24 26 13 11 11 5 19 24 21 21 24 20 20 22 11 22 19 22 . 22 19 18 19 18 6 . 20 15 21 17 19 22 19 19 17 2 . . . . . Special Weapon 1 | . . 1 . . . . . . . . . . 1 . 6 . 2 . 14 . . 1 . . 3 5 . . . 1 . . . . . . . . . . . Slashing Weapon 1 | . . . . . 5 6 . . . . . . . . . . . . 6 . . . . . 3 5 . 2 . 3 . . . . . . . . . . . Naked Turns . | . . . . . . . . . . . . . . . . . . . . . . . . . . . . . . . . . . . . . . . . . . Heaviest Build 211 | 15 51 52 66 66 66 78 80 78 72 74 66 121 143 145 148 121 115 114 107 109 153 158 133 133 145 138 138 138 129 162 135 134 151 151 157 206 211 66 64 73 75 Greatest Support 255 | 40 40 40 63 63 66 60 72 72 80 80 80 85 140 140 114 114 114 114 114 114 116 140 140 130 150 150 150 120 180 173 198 193 185 185 208 255 255 70 70 70 70 Greatest Overweight (x) 10 | . 1 1 4 1 3 2 4 3 3 . . 4 5 1 1 1 1 2 2 2 10 1 1 1 . . 1 1 . 1 . . . . . 1 . . . 1 1 Average Overweight (x) . | . . 1 1 1 1 1 . . . . . 1 3 . 1 1 . 1 1 1 2 1 . . . . . . . . . . . . . . . . . . . Largest Inventory Capacity 25 | 8 20 20 20 20 20 20 20 20 20 20 20 25 25 25 25 25 25 25 25 25 25 25 25 25 25 25 25 25 25 25 25 25 25 25 25 25 25 15 15 15 15 Average Capacity 22 | 8 16 20 20 20 20 20 20 20 20 20 20 23 25 25 25 25 25 25 25 25 25 25 25 25 25 25 25 25 25 25 25 25 25 25 25 24 23 15 15 15 6 Most Carried 25 | 6 20 20 20 20 20 20 20 20 20 20 20 25 25 25 25 25 25 25 25 25 25 25 25 25 25 25 25 25 25 25 25 25 25 25 25 25 25 15 15 15 15 Average Carried 21 | 3 13 19 19 20 15 19 19 19 19 19 19 22 23 24 24 25 21 23 24 19 24 24 24 24 24 24 24 24 21 22 24 24 24 22 24 24 22 14 14 14 5 Final Capacity 25 | 8 20 20 20 20 20 20 20 20 20 20 20 25 25 25 25 25 25 25 25 25 25 25 25 25 25 25 25 25 25 25 25 25 25 25 25 25 25 15 15 15 15 Final Carried 25 | 4 20 20 20 20 20 20 20 20 20 20 20 25 25 25 25 25 21 25 25 18 25 25 25 25 25 25 25 25 23 25 25 25 25 25 25 25 25 15 15 15 14 Class Distribution -------------------- 32% | Scavenger-Tank 19% | Scavenger-Mutant 17% | Mutant 10% | Tank 7% | Alien-Sigix 3% | Bothacker-Mutant 3% | Scavenger-Gunner Dominant Class ---------------- Mutant | -10/Materials Mutant | -10/Mines Mutant | -9/Materials Mutant | -9/Mines Mutant | -9/Exiles Scavenger-Mutant | -8/Mines Tank | -8/Materials Tank | -8/Garrison Scavenger-Gunner | -8/Materials Tank | -8/Storage Scavenger-Tank | -8/Garrison Bothacker-Tank | -7/Factory Scavenger-Tank | -7/Waste Scavenger-Tank | -7/Factory Scavenger-Mutant | -7/Garrison Bothacker-Tank | -7/Factory Bothacker-Mutant | -7/Lower Caves Tank | -7/Lower Caves Mutant | -7/Zion Tank | -6/Proximity Caves Scavenger-Tank | -6/Factory Scavenger-Mutant | -6/Waste Scavenger-Tank | -6/Factory Scavenger-Tank | -6/Extension Scavenger-Mutant | -6/Cetus Scavenger-Mutant | -6/Archives Scavenger-Tank | -6/Hub_04(d) Scavenger-Mutant | -6/Garrison Bothacker-Gunner | -5/Factory Bothacker-Mutant | -5/Waste Scavenger-Mutant | -5/Factory Gunner | -5/Garrison Scavenger-Tank | -4/Factory Scavenger-Gunner | -4/Garrison Bothacker-Gunner | -3/Research Scavenger-Mutant | -3/Quarantine Alien-Mutant | -3/Section 7 Alien-Sigix | -2/Research Alien-Sigix | -2/Testing Alien-Sigix | -1/Access Alien-Sigix | -1/Command Resources | -11 -10 -10 -9 -9 -9 -8 -8 -8 -8 -8 -8 -7 -7 -7 -7 -7 -7 -7 -7 -6 -6 -6 -6 -6 -6 -6 -6 -6 -5 -5 -5 -5 -4 -4 -3 -3 -3 -2 -2 -1 -1 ----------- Run | Scr Mat Min Mat Min Exi Min Mat Gar Mat Sto Gar Fac Was Fac Gar Fac Low Low Zio Pro Fac Was Fac Ext Cet Arc Hub Gar Fac Was Fac Gar Fac Gar Res Qua Sec Res Tes Acc Com Matter Collected 61850 | 258 421 168 671 82 393 407 2025 992 2504 2740 473 2517 634 7458 1406 25 933 736 231 799 7245 465 1654 923 1449 264 864 1640 1060 1737 6155 1147 776 1375 877 3876 2715 247 . 160 1348 Remotely 13998 | . . . . . . . 794 . 1761 887 . 1071 . . . . . . . . 151 . 282 . . . . . 321 . 3359 . 518 501 466 1819 1925 143 . . . Salvage Created 109335 | 76 402 . 778 70 398 329 2968 1010 2990 2858 443 3101 1240 7527 724 75 680 227 . 811 8421 849 1795 830 1946 35 1601 1296 1151 1570 7409 961 1756 1814 929 1357 2202 2038 . 214 44454 Parts 4783 | 7 42 . 62 10 72 9 149 38 188 151 32 134 15 337 33 4 13 3 . 29 330 12 79 29 85 3 82 70 60 31 359 42 76 96 28 47 89 83 . 11 1843 Haulers Intercepted 42 | . 1 . 2 . . . 6 . 4 2 . 5 . 2 . . . . . . 8 . 1 . . . . . . . 7 . 1 . . . 1 2 . . . Recyclers Shooed 80 | 1 . . 1 . . . 1 . 7 3 . 1 . 24 . . . 1 . . 19 . 7 3 . . . . 2 . 6 . . . . . 1 1 . . 2 Parts Field Recycled 6 | . . . . . . . . . . . . . . 6 . . . . . . . . . . . . . . . . . . . . . . . . . . . Retrieved Matter 58 | . . . . . . . . . . . . . . 58 . . . . . . . . . . . . . . . . . . . . . . . . . . . Parts Self-Destructed 44 | . . . . . . . . . . . . . . . . . 12 4 5 23 . . . . . . . . . . . . . . . . . . . . . Prevented 1 | . . . . . . . . . . . . . . . . . . 1 . . . . . . . . . . . . . . . . . . . . . . . Kills | -11 -10 -10 -9 -9 -9 -8 -8 -8 -8 -8 -8 -7 -7 -7 -7 -7 -7 -7 -7 -6 -6 -6 -6 -6 -6 -6 -6 -6 -5 -5 -5 -5 -4 -4 -3 -3 -3 -2 -2 -1 -1 ------- Run | Scr Mat Min Mat Min Exi Min Mat Gar Mat Sto Gar Fac Was Fac Gar Fac Low Low Zio Pro Fac Was Fac Ext Cet Arc Hub Gar Fac Was Fac Gar Fac Gar Res Qua Sec Res Tes Acc Com Combat Hostiles Destroyed 1541 | . 12 . 25 4 8 5 51 29 67 80 17 38 5 75 23 2 8 1 . 24 81 3 20 12 62 . 22 30 26 6 133 16 19 38 11 22 41 16 . . 509 Melee 16 | . . . . . 2 2 6 . . . . . . . . . . . . . . . . . . . . 1 . 1 . . . . . 2 . 1 . . 1 Guns 1037 | . 1 . 3 2 . 1 29 9 9 22 11 24 5 72 16 2 5 1 . 13 71 3 19 12 4 . 22 22 11 5 54 15 15 21 8 9 3 15 . . 503 Cannons 43 | . . . 11 2 . . . . . . . . . . . . . . . . . . . . . . . . . . . . . . . 8 22 . . . . AOE 436 | . 11 . 11 . 6 2 10 20 58 58 6 14 . 3 7 . 3 . . 11 10 . 1 . 58 . . 7 15 . 79 1 4 17 3 . 16 . . . 5 Classes Destroyed 35 | 2 5 . 1 . 3 . 6 . . . 1 2 1 . . . 1 . . 1 . . . 1 1 . 1 . 1 . . . . . . 1 2 . . . 5 Worker 131 | . 5 . 3 . . . 6 . 27 6 . 10 . 9 . . . . . . 10 . 5 . . . 1 . 8 . 16 . 2 . . 2 . 6 . 2 13 Builder 52 | . . . . . . . 2 . 4 2 . 3 . 3 . . . . . . 6 . 2 . . . 4 . 8 . 12 . 3 . . . . 3 . . . Tunneler 9 | 1 . . 1 . . . 2 . . . . . . . . . . . . . . . . . . . 1 . 1 . 2 . . . . . . . . 1 . Hauler 42 | . 1 . 2 . . . 6 . 4 2 . 5 . 2 . . . . . . 8 . 1 . . . . . . . 7 . 1 . . . 1 2 . . . Recycler 167 | 1 1 . 1 . . 2 6 . 12 5 . 13 . 63 . . . . . . 35 . 5 1 . . 1 . 2 . 5 . 2 . 1 . 2 2 . 1 6 Carrier 3 | . . . . . . . . . . . . . . . . . . . . . . . . . . . . . . . . . . . . . . . . . 3 Minesweeper 2 | . . . . . . . . . . . . . . . . . . . . 2 . . . . . . . . . . . . . . . . . . . . . Mechanic 31 | . . . . . . . 1 . 1 4 . 1 . . . . . . . . . . . . 7 . . . . . 4 . 1 . . . 1 . . . 11 Operator 7 | . . . . . . . 1 . 1 1 . . . . . . . . . . 1 . . . . . . . . . . . . . . . . . . . 3 Drone 10 | . . . . . . . . . . . . . . . . . . . . . . . . . . . . . . . . . . . . . . . . . 10 Turret 1 | . . . . . 1 . . . . . . . . . . . . . . . . . . . . . . . . . . . . . . . . . . . . Watcher 47 | . 2 . 3 . . . 4 1 2 . . 1 . 3 . . . . . . 5 . 3 . . . 1 . 2 . 5 . . . 1 . 1 3 . . 10 Swarmer 201 | . 9 . 12 2 . 3 9 14 4 3 9 . . 3 7 . 3 . . 6 17 . 3 . 8 . 2 15 5 . 4 . . 13 . 3 . . . . 47 Cutter 14 | . . . . . . . . . . . . . . . . . . . . . . . . . . . . . 3 . . . . . . . . . . . 11 Saboteur 24 | . . . . . . . . . . . . . . . . . . . . . . . . . 2 . . 2 1 . 4 . . . . . . 2 . . 13 Grunt 570 | . 3 . 9 2 . 1 28 12 32 47 3 21 . 17 12 1 . . . 13 23 . 8 3 32 . 9 9 12 . 64 11 9 22 6 . 18 7 . . 136 Brawler 73 | . . . . . . . 2 . 9 6 1 1 . . . . . . . 2 1 . . . 2 . 1 1 . . 7 1 . . . . 1 . . . 38 Duelist 69 | . . . . . . . 2 . 8 7 1 2 . . 1 . . . . . . . 1 . 6 . 1 . 2 . 4 1 . . 2 . . . . . 31 Protector 52 | . . . . . . . 3 . 9 7 . 1 . . . . . . . 1 . . . . 4 . . . . . 6 . . . . . . . . . 21 Researcher 1 | . . . . . . . . . . . . . . . . . . . . . . . . . . . . . . . . . . . . . 1 . . . . Sentry 90 | . . . 4 . . . 7 3 5 10 2 2 . 6 3 . . . . 2 9 . 2 8 . . 4 2 1 . 4 . 1 . 2 . 4 3 . . 6 Demolisher 12 | . . . . . . . . . . . . . . . . . . . . . . . . . . . . . . . . . . . . . . . . . 12 Specialist 34 | . . . . . . . . . . . . 2 . . . . . . . . . . . . . . 2 . . . 5 . . . . . 2 . . . 23 Hunter 119 | . . . . . . . . . . . 1 6 . . . . . 1 . . 4 . 4 . 4 . 2 1 . . 20 2 6 2 . 2 6 . . . 58 Programmer 179 | . . . . . . . . . . . . 3 . 49 . 1 . . . . 27 . 2 . 4 . . . . . 15 . 3 . . 3 9 . . . 63 Heavy 4 | . . . . . . . . . . . . . . . . . . . . . . . . . . . 1 . 2 . . . . . . . . . . . 1 Behemoth 8 | . . . . . . . . . . . . . . . . . . . . . . . . 1 . . . . . . . 1 . 1 1 . . . . . 4 Compactor 14 | . . . . . . . . . . . . . 5 . . . . . . . . 3 . . . . . . . 6 . . . . . . . . . . . Quarantine Guard 10 | . . . . . . . . . . . . . . . . . . . . . . . . . . . . . . . . . . . . 10 . . . . . M Guard 2 | . . . . . . . . . . . . . . . . . . . . . . . . . . . . . . . . . . . . . . . . . 2 M Shell/Atk 1 | . . . . . . . . . . . . . . . . . . . . . . . . . . . . . . . . . . . . . . . . . 1 M Shell/Def 2 | . . . . . . . . . . . . . . . . . . . . . . . . . . . . . . . . . . . . . . . . . 2 Lightning 3 | . . . . . . . . . . . . . . . . . . . . . . . . . . . . . . . . . . . . 3 . . . . . Tracker 2 | . . . . . . . . . . . . . . . . . . . . . . . . . . . . . . . . . . . . . . 2 . . . Combat Programmer 4 | . . . . . . . . . . . . . . . . . . . . . . . . . . . . . . . . . . . . . . 2 . . 2 Investigator 1 | . . . . . . . . . . . . . . . . . . . . . . . . . . . . . . . . . . . . . . . . . 1 Striker 13 | . . . . . . . . . . . . . . . . . . . . . . . . . . . . . . . . . . . . . . . . . 13 Executioner 12 | . . . . . . . . . . . . . . . . . . . . . . . . . . . . . . . . . . . . . 1 . . . 11 Alpha 7 2 | . . . . . . . . . . . . . . . . . . . . . . . . . . . . . . . . . . . . . . . . . 2 Fortress 1 | . . . . . . . . . . . . . . . . . . . . . . . . . . . . . . . . . . . . 1 . . . . . Zionite 2 | . . . . . 2 . . . . . . . . . . . . . . . . . . . . . . . . . . . . . . . . . . . . Decomposer 1 | . . . . . . . . . . . . . . . . . . 1 . . . . . . . . . . . . . . . . . . . . . . . Packrat 4 | . . . . . . . . . . . . . . . . . 2 2 . . . . . . . . . . . . . . . . . . . . . . . Assembled 8 | . . . . . 7 . . . . . . . . . . . . . . . . . . . . . . . . . . . . . . . . . . . 1 Thug 3 | . . . . . . . . . . . . . . . . . 3 . . . . . . . . . . . . . . . . . . . . . . . . Butcher 1 | . . . . . . . . . . . . . . . . . 1 . . . . . . . . . . . . . . . . . . . . . . . . Mutant 1 | . . . . . . . . . . . . . . . . . 1 . . . . . . . . . . . . . . . . . . . . . . . . Best Kill Streak 25 | 2 3 . 9 2 7 3 7 8 20 21 5 7 1 5 5 1 5 1 . 10 7 1 7 2 18 . 10 17 19 1 25 4 9 13 5 3 8 18 . 1 22 Combat Bots Only 24 | . 3 . 7 2 7 3 5 8 20 19 5 6 1 4 5 1 5 1 . 10 6 1 3 2 15 . 8 17 9 1 24 4 5 13 5 3 7 13 . . 22 Max Kills in Single Turn 11 | 1 3 . 5 1 2 2 4 4 11 7 3 4 1 3 4 1 2 1 . 3 3 1 2 2 6 . 2 3 7 1 6 2 5 4 2 1 4 3 . 1 4 Gunslinging 2 | . . . . . . . . . . . . 1 . . . . . . . . 1 . 1 1 . . . 2 1 . . 1 1 1 . . . 1 . . 1 Exploded 7 | . 3 . 3 . 2 2 4 4 5 7 3 2 . 2 4 . 2 . . 3 2 . 1 . 5 . . 3 4 . 6 1 4 4 1 . 4 . . . 3 Melee 1 | . . . . . 1 1 1 . . . . . . . . . . . . . . . . . . . . 1 . 1 . . . . . 1 . 1 . . 1 Uniques/NPCs Destroyed 7 | . . . . . 4 1 . . . . . . . . . . . . . . . . . . . . . . . . . . . . . . . . . . 2 8R-AWN (-9/Exiles) EX-HEX (-9/Exiles) EX-BIN (-9/Exiles) EX-DEC (-9/Exiles) AD-0RF (-8/Mines) MAIN.C Shell (-1/Command) MAIN.C (-1/Command) Combat | -11 -10 -10 -9 -9 -9 -8 -8 -8 -8 -8 -8 -7 -7 -7 -7 -7 -7 -7 -7 -6 -6 -6 -6 -6 -6 -6 -6 -6 -5 -5 -5 -5 -4 -4 -3 -3 -3 -2 -2 -1 -1 -------- Run | Scr Mat Min Mat Min Exi Min Mat Gar Mat Sto Gar Fac Was Fac Gar Fac Low Low Zio Pro Fac Was Fac Ext Cet Arc Hub Gar Fac Was Fac Gar Fac Gar Res Qua Sec Res Tes Acc Com Damage Taken 53782 | . 225 263 503 78 1718 627 1709 619 1057 732 359 3136 . 1851 972 96 278 64 . 2024 3507 . 1335 1226 1385 1075 1346 578 1687 . 5383 694 698 3495 848 6680 1403 1124 . 58 4949 Core 5505 | . 9 178 43 . 165 151 213 33 104 46 30 308 . 108 33 11 12 . . 140 262 . 98 43 128 118 53 . 56 . 404 40 . 146 122 531 184 305 . 17 1414 Absorbed by Shields 11290 | . . . . . . . 212 239 187 263 139 639 . 585 170 36 108 10 . . 781 . 383 279 375 . . . . . 107 . . . 187 310 1258 1262 . 65 3695 Reduced by Siege Mode 1104 | . . . . . . . . . . . . . . 31 19 3 17 4 . 73 . . 81 5 . . 69 . 42 . 289 66 11 197 . 194 3 . . . . Redirected to Core 241 | . . . . . . . . . . . . . . . . . . . . . . . . . . . . . . . . . . . . 241 . . . . . Redirected to Shielding 322 | . 10 14 10 . 34 . . . . . . . . . . . . . . . 37 . 37 14 . . . . . . . . . 31 5 28 85 . . . 17 Regen/Repaired (Parts) 1618 | . . . . . . . . . 169 120 . . . . . . . . . . 166 . . . . . . . . . 668 495 . . . . . . . . . Core Remaining (%) 39 | 100 . 25 . . . 10 . . . . 22 . . . . . . . . 12 . . . . . . . 17 . . . 50 . 87 . . 24 . 78 . 10 Volleys Fired 4127 | 3 44 3 50 8 55 2 131 81 122 106 40 141 52 273 45 5 18 14 . 60 314 49 80 73 71 4 48 58 42 190 229 24 33 66 29 76 79 65 7 17 1320 Largest 4 | 2 2 2 2 2 1 2 3 3 3 3 3 3 3 3 3 3 3 3 . 3 3 2 3 3 3 1 3 3 4 1 4 4 4 4 4 4 4 2 1 3 3 Hottest 432 | 40 100 100 67 67 36 74 78 101 85 78 75 78 76 84 84 84 84 84 . 84 90 60 86 88 240 5 105 105 126 80 148 148 148 148 170 350 432 200 100 300 300 Shots Fired 10478 | 6 78 8 92 16 55 3 384 162 283 261 98 380 112 777 99 14 34 46 . 131 903 90 232 156 103 4 140 141 110 190 661 92 112 210 103 200 206 118 7 21 3640 Gun 9564 | 6 68 6 43 8 37 1 370 140 220 209 94 355 106 763 97 14 23 46 . 116 888 81 228 128 54 . 140 136 95 178 568 92 106 198 93 71 23 118 7 21 3617 Cannon 340 | . . . 41 8 . 1 . . . . . . . . . . . . . . . . . . . . . . . . . . . . 6 123 159 . . . 2 Launcher 458 | . 8 . 8 . 18 1 14 22 61 52 4 19 . 3 2 . 3 . . 14 12 . 4 . 45 . . 5 14 . 85 . 3 12 4 . 24 . . . 21 Special 116 | . 2 2 . . . . . . 2 . . 6 6 11 . . 8 . . 1 3 9 . 28 4 4 . . 1 12 8 . 3 . . 6 . . . . . Kinetic 6108 | 6 68 6 84 16 37 2 370 140 220 209 94 355 106 763 97 14 23 46 . 116 888 81 228 128 52 . 140 136 95 174 568 92 106 198 99 193 156 . . . 2 Thermal 14 | . 2 2 . . . . . . . . . . . . . . . . . . . . . . 2 . . . . 4 . . . . . 1 3 . . . . Explosive 458 | . 8 . 8 . 18 1 14 22 61 52 4 19 . 3 2 . 3 . . 14 12 . 4 . 45 . . 5 14 . 85 . 3 12 4 . 24 . . . 21 Electromagnetic . | . . . . . . . . . . . . . . . . . . . . . . . . . . . . . . . . . . . . . . . . . . Slashing 3786 | . . . . . . . . . . . . . . . . . . . . . . . . . . . . . . . . . . . . . 23 118 7 21 3617 Robot Hit Streak 49 | 2 6 3 17 6 5 3 12 13 25 23 9 14 13 29 10 7 11 10 . 15 28 19 29 15 13 3 43 22 35 35 40 41 49 25 8 22 18 13 . 4 44 Robot Miss Streak 12 | 1 2 2 6 4 3 . 12 3 3 4 4 4 2 11 9 5 6 8 . 4 7 7 7 4 3 1 2 5 3 3 8 1 1 2 2 4 3 5 . . 10 Penetration Max 2 | . . . . . . . 2 1 . . . . . 1 . . . . . . 1 1 . 1 1 . 1 1 1 . 1 1 1 1 1 1 1 1 . . 1 Secondary Targets 122 | . . . . . . . 2 . . 1 3 7 . 1 1 . . . . 1 5 . 2 2 2 . . 6 2 . 4 3 4 6 . . 1 6 . . 63 Max Gunslinging Chain 2 | . . . . . . . 1 . . 1 1 2 . 1 1 . . . . 1 1 . 1 1 1 . . 2 1 . 1 1 2 1 . . 1 1 . . 2 Shots Hit Robots 6755 | 3 36 2 68 12 71 17 251 78 182 168 54 255 89 525 80 13 41 27 1 111 656 75 171 123 73 4 102 94 88 177 463 75 77 165 69 168 130 62 . 3 1896 Core Hits 4688 | 3 29 . 67 10 38 8 115 63 185 202 26 137 19 501 106 11 24 22 . 95 497 12 128 58 154 1 50 58 129 21 503 40 55 90 40 59 88 48 . 3 993 Critical Kills 108 | . . . . . 1 . 4 1 1 . . 3 . 1 1 . 2 . . . 5 . . . . . 12 9 3 2 22 10 17 3 3 8 . . . . . Critical Parts Destroyed 128 | . . . . . 6 . 9 3 1 . . 1 1 2 . . 4 . . . 7 1 1 . 1 . 11 5 1 . 33 10 14 4 4 8 1 . . . . Critical Strikes 345 | . . . . . 11 . 13 4 2 . . 4 5 3 1 . 6 . . . 12 5 1 1 1 . 24 14 4 6 56 21 31 13 9 25 11 4 . . 58 Destroy 240 | . . . . . 7 . 7 3 2 . . 3 2 2 1 . . . . . 12 4 1 1 1 . 24 14 4 6 56 21 31 13 9 16 . . . . . Blast 16 | . . . . . . . . . . . . . . . . . . . . . . . . . . . . . . . . . . . . 8 8 . . . . Smash 20 | . . . . . . . 6 1 . . . 1 3 1 . . 6 . . . . . . . . . . . . . . . . . . 1 1 . . . . Sever 69 | . . . . . 4 . . . . . . . . . . . . . . . . 1 . . . . . . . . . . . . . . 2 4 . . 58 Melee Attacks 490 | . . . . . 65 21 57 7 6 7 10 33 8 10 . 3 17 . 15 . 22 5 1 . 15 2 . 79 2 15 18 6 1 . . 47 11 . . . 7 Kinetic 13 | . . . . . . . . . . . . . . . . . . . . . . . . . . . . . . . . . . . . 13 . . . . . Impact 202 | . . . . . . . 57 7 4 7 10 33 8 10 . 3 17 . . . . . . . . . . . . . . . 1 . . 34 11 . . . . Slashing 257 | . . . . . 65 12 . . . . . . . . . . . . 15 . 22 5 1 . 15 2 . 79 2 15 18 6 . . . . . . . . . Piercing 9 | . . . . . . 9 . . . . . . . . . . . . . . . . . . . . . . . . . . . . . . . . . . . Sneak Attacks 58 | . . . . . 1 3 4 . 2 . . 1 8 1 . . 2 . 1 . 5 5 . . . . . . . 15 . . . . . 2 1 . . . 7 Combat Hostiles 28 | . . . . . . . . . . . . . 8 . . . . . . . . 5 . . . . . . . 15 . . . . . . . . . . . Follow-up Attacks 17 | . . . . . . 4 13 . . . . . . . . . . . . . . . . . . . . . . . . . . . . . . . . . . Damage Inflicted 332587 | 34 934 25 1855 225 2759 730 6879 4033 11898 10975 1197 7087 2347 11214 2045 229 2443 504 81 3929 16187 1716 3933 2259 11448 82 3010 2662 5481 3645 23368 1761 2345 5219 2366 4920 8435 6188 . 311 155828 Guns 245043 | 34 455 25 388 91 438 15 3346 896 2177 2243 818 4130 1400 10662 1555 229 249 492 . 2026 14453 1526 3666 2175 1126 . 3010 2059 1846 3087 9508 1473 1504 3556 1379 550 913 5912 . 185 155446 Cannons 8553 | . . . 653 115 . . . . . . . . . . . . . . . . . . . . . . . . . . . . . . 154 3317 4314 . . . . Explosions 68814 | . 466 . 798 . 670 140 1720 2607 9721 8732 379 2874 . 465 490 . 512 . . 1903 1256 . 221 . 10322 . . 603 3635 . 13844 288 841 1663 825 . 3150 257 . 66 366 Melee 9757 | . . . . . 1651 575 1813 530 . . . 80 947 87 . . 1682 . 73 . 378 190 . . . 82 . . . 558 . . . . . 1053 58 . . . . Ramming 420 | . 13 . 16 19 . . . . . . . 3 . . . . . 12 8 . 100 . 46 84 . . . . . . 16 . . . 8 . . 19 . 60 16 Kinetic 91504 | 34 455 25 1041 206 438 15 3346 896 2177 2243 818 4130 1400 10662 1555 229 249 492 . 2026 14453 1526 3666 2175 1099 . 3010 2059 1846 2964 9508 1473 1504 3556 1533 4381 4314 . . . . Thermal 1115 | . . . . . . . 74 . . . . . . . . . . . . . . . . . 27 . . . 866 123 . . 25 . . . . . . . . Explosive 67566 | . 466 . 798 . 670 140 1646 2607 9721 8732 379 2874 . 399 490 . 512 . . 1903 1256 . 221 . 10322 . . 603 2769 . 13693 288 816 1663 825 . 3150 257 . . 366 Electromagnetic 283 | . . . . . . . . . . . . . . 66 . . . . . . . . . . . . . . . . 151 . . . . . . . . 66 . Impact 5736 | . . . . . . . 1813 530 . . . 80 947 87 . . 1682 . . . . . . . . . . . . . . . . . . 539 58 . . . . Slashing 165760 | . . . . . 1651 372 . . . . . . . . . . . . 73 . 378 190 . . . 82 . . . 558 . . . . . . 913 5912 . 185 155446 Piercing 203 | . . . . . . 203 . . . . . . . . . . . . . . . . . . . . . . . . . . . . . . . . . . . Highest Corruption 48 | . 5 9 . . 4 4 . . . . . 5 40 48 48 48 48 48 48 . 5 2 1 1 8 8 8 22 . 1 10 10 1 1 . 10 11 . . . . Average Corruption 26 | . 4 8 . . 3 4 . . . . . 3 35 46 48 48 48 48 48 . 3 1 1 1 7 8 8 18 . 1 5 10 1 1 . 8 4 . . . . Corruption Purged 16 | . . . . . . . . . . . . . . . . . . . . . 9 2 . 1 4 . . . . . . . . . . . . . . . . Corruption Blocked 15 | . . . . . . . . . . . . . . . . . . . . . . . . . . . . . . . . . . . . . 15 . . . . Effects 3629 | . 14 45 . . 15 6 . . . . . 4 89 1733 212 37 126 184 59 . 251 11 2 . 82 209 19 199 . 2 105 47 3 15 . 140 20 . . . . Message Errors 887 | . 4 12 . . 4 1 . . . . . . 23 415 57 7 23 45 15 . 55 2 . . 22 70 2 45 . . 27 11 1 2 . 37 7 . . . . Matter Fused 869 | . 3 11 . . 3 2 . . . . . 2 24 405 55 6 32 52 19 . 73 4 1 . 19 37 5 53 . 2 18 3 1 1 . 36 2 . . . . Heat Flow Errors 440 | . 3 3 . . 1 2 . . . . . 1 8 199 20 5 15 22 5 . 30 . 1 . 9 35 . 30 . . 17 10 . . . 19 5 . . . . Energy Discharges 417 | . 2 6 . . 2 1 . . . . . . 6 207 27 5 17 17 8 . 26 1 . . 10 21 4 23 . . 13 7 . 2 . 10 2 . . . . Parts Rejected 8 | . . . . . . . . . . . . . . . . . . . . . . . . . 1 . 1 . . . 1 1 1 1 . 1 1 . . . . Data Loss (minor) 459 | . 1 3 . . 3 . . . . . . 1 11 225 21 10 20 21 8 . 26 2 . . 11 28 1 25 . . 7 8 . 4 . 22 1 . . . . Data Loss (major) 176 | . 1 5 . . 2 . . . . . . . 3 85 7 . 6 11 4 . 12 . . . 4 10 . 7 . . 8 3 . 4 . 3 1 . . . . Misfires 137 | . . 4 . . . . . . . . . . 3 72 2 1 8 8 . . 16 1 . . 3 . 1 9 . . 6 1 . . . 2 . . . . . Alerts 102 | . . 1 . . . . . . . . . . 2 45 11 1 3 4 . . 8 1 . . 3 8 . 7 . . 1 . . 1 . 6 . . . . . Misdirections 8 | . . . . . . . . . . . . . . 5 . . . . . . . . . . . . . . . . . 1 . . . 1 1 . . . . Weapon Failures 126 | . . . . . . . . . . . . . 9 75 12 2 2 4 . . 5 . . . . . 5 . . . 7 2 . . . 3 . . . . . Overload Shots 1 | . . . . . . . . . . . . . . . . . . . . . . . . . 1 . . . . . . . . . . . . . . . . Overflow Damage 4743 | . . . 16 . 42 55 557 291 260 287 59 51 160 87 28 . 1097 9 . 12 128 . 6 5 267 . . 45 179 . 324 65 55 8 33 309 223 61 . 18 6 Projectiles 144 | . . . . . . . . . . . . . . . . . . . . . . . . . . . . . . . . . . . . 65 79 . . . . Explosions 2212 | . . . 16 . 2 23 26 165 260 287 59 51 . . 28 . 23 . . 12 127 . 4 . 267 . . 45 179 . 324 65 55 8 33 . 86 61 . . 6 Melee 2387 | . . . . . 40 32 531 126 . . . . 160 87 . . 1074 9 . . 1 . 2 5 . . . . . . . . . . . 244 58 . . 18 . Knockbacks 63 | . 1 . 12 2 . . 6 . . . . . . . . . 2 . . . . . 1 1 . . . . . . . . . . . 14 23 . . 1 . Impact 15 | . 1 . . . . . 6 . . . . . . . . . 2 . . . . . 1 1 . . . . . . . . . . . 3 . . . 1 . Kinetic 46 | . . . 12 2 . . . . . . . . . . . . . . . . . . . . . . . . . . . . . . . 10 22 . . . . Secondary 2 | . . . . . . . . . . . . . . . . . . . . . . . . . . . . . . . . . . . . 1 1 . . . . Self-Inflicted Damage 1196 | . 26 . . . 42 20 112 57 142 35 25 245 . . . . 20 . . 162 49 . . . . . . . 9 . 27 121 . 57 . . 26 . . . 21 Shots 42 | . 1 . . . 2 1 2 2 5 2 1 7 . . . . 2 . . 6 3 . . . . . . . 1 . 1 1 . 3 . . 1 . . . 1 Rammed 32 | . 1 . 2 4 . . . . . . . 1 . . . . . 1 1 . 11 . 4 5 . . . . . . 1 . . . 1 . . . . . . Targets Rammed 38 | . 1 . 2 4 . . . . . . . 1 . . . . . 1 1 . 11 . 5 5 . . . . . . 1 . . . 1 . . 2 . 2 1 Kicked 5 | . . . . . . . . . . . . . . . . . . . . . . . . . . . . . . . . . . . . . . 2 . 2 1 Crushed 1 | . . . . . . . . . . . . . . . . . . . . . . . 1 . . . . . . . . . . . . . . . . . . Highest Temperature 606 | . 156 198 99 60 84 606 253 164 60 236 216 525 259 447 365 237 211 258 251 341 282 . 211 . 370 269 390 254 100 100 225 243 6 63 2 358 145 . . . 300 Average Temperature 83 | . 58 71 21 25 45 280 48 38 13 56 88 111 81 90 124 94 92 97 99 93 89 . 109 . 102 101 113 94 30 52 77 83 5 19 2 110 84 . . . 66 Received Heat Transfer 10275 | . 18 . 147 30 . 727 812 238 397 350 70 689 . 401 358 18 67 . . 738 695 . 150 356 215 9 303 145 348 . 1125 204 78 714 147 108 124 172 . . 322 Effects 52 | . . . . . . 13 . . . . 1 9 5 10 . . . 1 . 3 3 . . . 2 3 2 . . . . . . . . . . . . . . Shutdowns 8 | . . . . . . 3 . . . . . 3 . 1 . . . . . . . . . . 1 . . . . . . . . . . . . . . . . Energy Bleed 10 | . . . . . . 3 . . . . . 3 . 2 . . . . . . . . . . 1 . 1 . . . . . . . . . . . . . . Interference 22 | . . . . . . . . . . . 1 . 5 6 . . . 1 . 2 3 . . . . 3 1 . . . . . . . . . . . . . . Matter Decay 6 | . . . . . . 5 . . . . . 1 . . . . . . . . . . . . . . . . . . . . . . . . . . . . . Short Circuit 2 | . . . . . . . . . . . . 1 . . . . . . . 1 . . . . . . . . . . . . . . . . . . . . . Damage (minor) 3 | . . . . . . 1 . . . . . 1 . 1 . . . . . . . . . . . . . . . . . . . . . . . . . . . Damage (core) 1 | . . . . . . 1 . . . . . . . . . . . . . . . . . . . . . . . . . . . . . . . . . . . Siege Activations 89 | . . . . . . . . . . . . . . 32 4 1 1 1 . 5 . . 7 2 . . 5 . 2 . 10 5 2 2 . 7 3 . . . . Total Turns 18568 | . . . . . . . . . . . . . . 16776 41 6 16 26 . 153 . . 203 34 . . 135 . 85 . 668 106 44 64 . 187 24 . . . . Longest Duration 1101 | . . . . . . . . . . . . . . 1101 21 6 16 26 . 73 . . 53 24 . . 51 . 75 . 283 38 34 46 . 62 11 . . . . Robots Corrupted 1 | . . . . . . . . . . . . . . . . . . . . . . . . . . . . . . . . . . . . . . . . 1 . Combat Hostiles . | . . . . . . . . . . . . . . . . . . . . . . . . . . . . . . . . . . . . . . . . . . Parts Fried 27 | . . . . . . . 13 . . . . 1 . 2 . . 4 . . . . . . . 1 . . . . . . . . . . 3 . . . 1 2 Impact Corruptions 82 | . . . 1 . . . 18 3 . . . . 2 2 . . 38 2 . . 1 . 1 1 . . . . . . . . . . . 9 2 . . 2 . Robots Melted . | . . . . . . . . . . . . . . . . . . . . . . . . . . . . . . . . . . . . . . . . . . Combat Hostiles . | . . . . . . . . . . . . . . . . . . . . . . . . . . . . . . . . . . . . . . . . . . Parts Melted 10 | . . . . . . . 1 . . . . . . . . . . . . . . . . . . . . . . . . . 1 . . . . . . . 8 Heat Transferred 867 | . . . . . . . 50 . . . . . . . . . . . . . . . . . 19 . . . 600 148 . . 50 . . . . . . . . Parts Sabotaged 4 | . . . . . . . . . . . . . . . . . . . . . . . . . . . . 4 . . . . . . . . . . . . . Parts Stolen 8 | . . . . . . . . . . . . . . . . . 3 5 . . . . . . . . . . . . . . . . . . . . . . . Parts Stripped . | . . . . . . . . . . . . . . . . . . . . . . . . . . . . . . . . . . . . . . . . . . Power Chain Reactions . | . . . . . . . . . . . . . . . . . . . . . . . . . . . . . . . . . . . . . . . . . . Missiles Intercepted 2 | . . . . . . . . . . . . . . . . . . . . . . . . . . . . . . . . . . . . . . . . . 2 Alert | -11 -10 -10 -9 -9 -9 -8 -8 -8 -8 -8 -8 -7 -7 -7 -7 -7 -7 -7 -7 -6 -6 -6 -6 -6 -6 -6 -6 -6 -5 -5 -5 -5 -4 -4 -3 -3 -3 -2 -2 -1 -1 ------- Run | Scr Mat Min Mat Min Exi Min Mat Gar Mat Sto Gar Fac Was Fac Gar Fac Low Low Zio Pro Fac Was Fac Ext Cet Arc Hub Gar Fac Was Fac Gar Fac Gar Res Qua Sec Res Tes Acc Com Peak Influence 21772 | 10 213 84 720 310 . 147 1212 1925 2559 2717 2351 1654 557 284 583 343 . . . . 273 12 404 561 3538 1420 466 1131 1377 493 2881 2614 1699 1989 1358 729 1723 2711 1600 1606 21772 Initial 2016 | . 6 49 . 280 . . 57 787 937 1100 1766 1234 557 7 . 305 . . . . 16 . . 154 299 1415 . 326 593 481 . 2016 1372 1189 1118 717 21 1100 1524 1100 1100 Average 1383 | 7 108 19 375 101 . 28 510 1490 1646 1533 2062 1273 303 35 430 252 . . . . 35 1 171 201 1302 713 208 988 909 212 940 2406 1501 1708 1206 66 698 1673 1539 1298 12434 Maximum Alert Level 5 | . 1 . 3 1 . . 4 5 5 5 5 5 2 1 2 1 . . . . 1 . 2 2 5 4 2 4 4 2 5 5 5 5 4 3 5 5 5 5 5 Low Security (%) 52 | 100 91 100 32 75 . 100 19 . . . . . 25 97 9 38 . . . . 99 100 62 54 . 5 37 . . 55 21 . . . . 97 16 . . . . Level 1 6 | . 8 . 6 24 . . 26 . . . . . 49 2 35 61 . . . . . . 26 30 5 4 56 1 . 22 4 . . . . . 15 . . . . Level 2 9 | . . . 58 . . . 23 . . . . . 24 . 55 . . . . . . . 11 15 23 49 5 3 28 22 17 . . . . . 33 . . . . Level 3 6 | . . . 2 . . . 19 13 10 . . 22 . . . . . . . . . . . . 18 29 . 56 41 . 17 . . . . 1 6 . . . . Level 4 9 | . . . . . . . 11 47 33 80 . 71 . . . . . . . . . . . . 25 9 . 38 29 . 20 . 86 21 100 . 21 47 99 93 3 Level 5 6 | . . . . . . . . 38 43 . 100 5 . . . . . . . . . . . . 9 . . . . . 6 100 13 78 . . . . . . 14 High Security 8 | . . . . . . . . . 12 19 . . . . . . . . . . . . . . 17 . . . . . 11 . . . . . . . . . 81 Max Security . | . . . . . . . . . . . . . . . . . . . . . . . . . . . . . . . . . . . . . 7 52 . 6 . Sterilizations 5 | . . . . . . . 1 . 1 1 . . . . . . . . . . . . . . 1 . . . . . 1 . . . . . . . . . . Squads Dispatched 343 | . 1 . 5 . . . 10 . 10 20 . 13 . 54 . 1 . . . 1 35 . 4 3 14 . 12 . 7 . 38 . 11 . 4 6 18 25 . 10 41 Investigation 20 | . 1 . 4 . . . 3 . . . . 1 . . . . . . . . 2 . . 2 . . . . . . 2 . . . 1 2 1 . . . 1 Extermination 99 | . . . . . . . . . . . . 3 . 49 . 1 . . . . 27 . 3 . . . . . 1 . 7 . 2 . . 1 3 . . . 2 Reinforcement 58 | . . . 1 . . . 1 . . 1 . 5 . 5 . . . . . . 6 . 1 1 . . 6 . 5 . 14 . 3 . 1 . 4 1 . 1 2 Assault 139 | . . . . . . . 3 . 10 13 . 4 . . . . . . . 1 . . . . 14 . . . 1 . 15 . 3 . 2 . 8 21 . 8 36 Garrison 21 | . . . . . . . 3 . . 6 . . . . . . . . . . . . . . . . 6 . . . . . 3 . . 3 . . . . . Intercept 6 | . . . . . . . . . . . . . . . . . . . . . . . . . . . . . . . . . . . . . 2 3 . 1 . Searches Triggered . | . . . . . . . . . . . . . . . . . . . . . . . . . . . . . . . . . . . . . . . . . . Construction Impeded 21 | . . . . . . . . . . 1 . 1 . 3 . . . . . . . . . . . . 1 . 2 . 9 . 2 . 1 . . 1 . . . Haulers Reinforced 11 | . . . . . . . . . . . . 3 . 2 . . . . . . 1 . 1 . . . . . . . 3 . . . . . 1 . . . . Active Scanning Responses . | . . . . . . . . . . . . . . . . . . . . . . . . . . . . . . . . . . . . . . . . . . Cargo Convoy Interrupts 2 | . . . . . . . . . . . . 1 . . . . . . . . . . . . . . . . . . 1 . . . . . . . . . . Stealth | -11 -10 -10 -9 -9 -9 -8 -8 -8 -8 -8 -8 -7 -7 -7 -7 -7 -7 -7 -7 -6 -6 -6 -6 -6 -6 -6 -6 -6 -5 -5 -5 -5 -4 -4 -3 -3 -3 -2 -2 -1 -1 --------- Run | Scr Mat Min Mat Min Exi Min Mat Gar Mat Sto Gar Fac Was Fac Gar Fac Low Low Zio Pro Fac Was Fac Ext Cet Arc Hub Gar Fac Was Fac Gar Fac Gar Res Qua Sec Res Tes Acc Com Distress Signals 49 | . . . 3 . . . 6 1 2 4 . 2 . 2 . . . . . . 3 . 5 1 2 . 2 . 2 . 2 . . . 1 . 1 2 . 2 6 Communications Jammed 12 | . . . . . . . . . . . . . . . . . . . . . . . . . . . . . . . . . . . . . . 12 . . . Distress Signals 12 | . . . . . . . . . . . . . . . . . . . . . . . . . . . . . . . . . . . . . . 12 . . . Times Spotted 2077 | . 21 3 39 5 73 8 84 22 83 97 19 74 6 80 23 3 11 7 2 22 113 6 32 37 137 16 28 30 29 6 172 30 23 39 17 23 62 85 5 13 492 Peak Tracking Total 82 | . 3 2 7 2 9 4 5 5 8 14 5 12 2 5 6 1 5 4 1 5 5 1 7 5 18 16 6 6 7 2 13 7 4 9 5 3 14 45 6 20 82 Tactical Retreats 201 | . . . 2 . 33 . 8 . 1 2 . 3 . 1 1 . . . 1 1 3 . 5 . 2 . 1 2 1 . 1 13 1 1 3 . 2 8 . 1 104 Traps | -11 -10 -10 -9 -9 -9 -8 -8 -8 -8 -8 -8 -7 -7 -7 -7 -7 -7 -7 -7 -6 -6 -6 -6 -6 -6 -6 -6 -6 -5 -5 -5 -5 -4 -4 -3 -3 -3 -2 -2 -1 -1 ------- Run | Scr Mat Min Mat Min Exi Min Mat Gar Mat Sto Gar Fac Was Fac Gar Fac Low Low Zio Pro Fac Was Fac Ext Cet Arc Hub Gar Fac Was Fac Gar Fac Gar Res Qua Sec Res Tes Acc Com Traps Triggered 69 | . 3 . 2 . . . 1 4 . 1 . 1 . 4 12 . . . . . 2 . . . . . . 9 1 . 2 . 1 1 . 1 . 6 . 2 16 Indirectly 2 | . . . . . . . . . . . . . . . . . . . . . . . . . . . . . . . 2 . . . . . . . . . . Trap Hack Attempts . | . . . . . . . . . . . . . . . . . . . . . . . . . . . . . . . . . . . . . . . . . . Triggered . | . . . . . . . . . . . . . . . . . . . . . . . . . . . . . . . . . . . . . . . . . . Disarmed . | . . . . . . . . . . . . . . . . . . . . . . . . . . . . . . . . . . . . . . . . . . Reprogrammed . | . . . . . . . . . . . . . . . . . . . . . . . . . . . . . . . . . . . . . . . . . . Reused . | . . . . . . . . . . . . . . . . . . . . . . . . . . . . . . . . . . . . . . . . . . Traps Extracted . | . . . . . . . . . . . . . . . . . . . . . . . . . . . . . . . . . . . . . . . . . . Installed . | . . . . . . . . . . . . . . . . . . . . . . . . . . . . . . . . . . . . . . . . . . Triggered 1 | . . . . . . . . . . . . 1 . . . . . . . . . . . . . . . . . . . . . . . . . . . . . Machines | -11 -10 -10 -9 -9 -9 -8 -8 -8 -8 -8 -8 -7 -7 -7 -7 -7 -7 -7 -7 -6 -6 -6 -6 -6 -6 -6 -6 -6 -5 -5 -5 -5 -4 -4 -3 -3 -3 -2 -2 -1 -1 ---------- Run | Scr Mat Min Mat Min Exi Min Mat Gar Mat Sto Gar Fac Was Fac Gar Fac Low Low Zio Pro Fac Was Fac Ext Cet Arc Hub Gar Fac Was Fac Gar Fac Gar Res Qua Sec Res Tes Acc Com Machines Disabled 227 | . 2 . 1 . 11 3 4 10 12 3 3 9 . 11 4 . . . . 1 12 . 2 1 8 . 3 7 15 . 26 2 2 4 . 15 19 4 . 6 27 Max in Single Turn 8 | . 1 . 1 . 2 2 1 2 3 1 1 6 . 2 1 . . . . 1 2 . 1 . 2 . 1 1 8 . 6 2 1 1 . 2 4 1 . 2 2 Garrison Access 3 | . . . . . . . . . . . . . . 1 . . . . . . 1 . . . . . . . . . . . . . . . . . . 1 . Garrison Relay 18 | . . . . . . . . 4 . . 3 . . . 4 . . . . . . . . . . . . 4 . . . . . 3 . . . . . . . Phase Generator 3 | . . . . . . . . 1 . . . . . . . . . . . . . . . . . . . . . . . 1 . . . . . . . . 1 Machines Sabotaged . | . . . . . . . . . . . . . . . . . . . . . . . . . . . . . . . . . . . . . . . . . . Garrisons Compromised 1 | . . . . . . . . . . . . 1 . . . . . . . . . . . . . . . . . . . . . . . . . . . . . Overloaded Fab Kills . | . . . . . . . . . . . . . . . . . . . . . . . . . . . . . . . . . . . . . . . . . . Hacking | -11 -10 -10 -9 -9 -9 -8 -8 -8 -8 -8 -8 -7 -7 -7 -7 -7 -7 -7 -7 -6 -6 -6 -6 -6 -6 -6 -6 -6 -5 -5 -5 -5 -4 -4 -3 -3 -3 -2 -2 -1 -1 --------- Run | Scr Mat Min Mat Min Exi Min Mat Gar Mat Sto Gar Fac Was Fac Gar Fac Low Low Zio Pro Fac Was Fac Ext Cet Arc Hub Gar Fac Was Fac Gar Fac Gar Res Qua Sec Res Tes Acc Com Machines Accessed 127 | . 5 1 12 . 2 . 12 . 2 5 . 3 . 8 . 1 . . . . 12 . 2 12 1 1 1 . . . 6 . 3 . 2 15 4 4 1 1 11 Terminals 88 | . 5 . 9 . . . 8 . 2 4 . 1 . 4 . 1 . . . . 6 . 1 12 1 . . . . . 2 . 1 . 1 11 3 4 1 . 11 Fabricators 6 | . . . . . . . . . . . . 1 . . . . . . . . 1 . . . . . . . . . 3 . . . 1 . . . . . . Repair Stations 10 | . . . . . . . . . . . . . . 2 . . . . . . 3 . 1 . . . . . . . . . 1 . . 2 1 . . . . Recycling Units 4 | . . . 2 . . . 2 . . . . . . . . . . . . . . . . . . . . . . . . . . . . . . . . . . Scanalyzers 3 | . . . 1 . . . 1 . . . . . . . . . . . . . . . . . . . . . . . . . . . . 1 . . . . . Garrison Access 12 | . . . . . . . 1 . . 1 . 1 . 2 . . . . . . 2 . . . . . 1 . . . 1 . 1 . . 1 . . . 1 . Total Hacks 301 | . 12 1 25 . 2 . 29 . 3 11 . 9 . 14 . 3 . . . . 28 . 6 28 3 25 1 . . . 17 . 5 . 7 34 6 8 1 2 21 Successful 142 | . 7 1 13 . 2 . 13 . . 6 . 5 . 5 . 1 . . . . 16 . 3 11 . 25 1 . . . 6 . 2 . 2 10 3 1 . . 9 Failed 159 | . 5 . 12 . . . 16 . 3 5 . 4 . 9 . 2 . . . . 12 . 3 17 3 . . . . . 11 . 3 . 5 24 3 7 1 2 12 Catastrophic 27 | . 1 . . . . . . . 1 1 . 1 . 3 . . . . . . 2 . 1 3 . . . . . . 2 . . . 2 2 1 . 1 1 5 Database Lockouts . | . . . . . . . . . . . . . . . . . . . . . . . . . . . . . . . . . . . . . . . . . . Manual 116 | . 7 . 10 . 1 . 15 . 3 7 . 3 . 8 . 1 . . . . 9 . 6 12 1 . . . . . . . 2 . 1 10 1 2 1 . 16 Terminals 195 | . 12 . 19 . . . 22 . 3 10 . 5 . 6 . 3 . . . . 11 . 5 28 3 . . . . . 8 . 2 . 2 23 3 8 1 . 21 Fabricators 18 | . . . . . . . . . . . . 3 . . . . . . . . 2 . . . . . . . . . 8 . . . 5 . . . . . . Repair Stations 31 | . . . . . . . . . . . . . . 6 . . . . . . 13 . 1 . . . . . . . . . 2 . . 6 3 . . . . Recycling Units 5 | . . . 2 . . . 3 . . . . . . . . . . . . . . . . . . . . . . . . . . . . . . . . . . Scanalyzers 10 | . . . 4 . . . 2 . . . . . . . . . . . . . . . . . . . . . . . . . . . . 4 . . . . . Garrison Access 14 | . . . . . . . 2 . . 1 . 1 . 2 . . . . . . 2 . . . . . 1 . . . 1 . 1 . . 1 . . . 2 . Terminal Hacks 75 | . 7 1 5 . 2 . 6 . . 2 . . . . . 1 . . . . 1 . 2 8 . 25 . . . . 2 . . . 1 5 1 1 . . 5 Record 32 | . . . . . 1 . . . . . . . . . . . . . . . 1 . . . . 25 . . . . . . . . . 4 . . . . 1 Part Schematic 4 | . 2 . 1 . . . . . . . . . . . . . . . . . . . . . . . . . . . 1 . . . . . . . . . . Robot Analysis 4 | . 1 . 1 . . . . . . 1 . . . . . . . . . . . . . 1 . . . . . . . . . . . . . . . . . Prototype ID Bank 2 | . 1 . . . . . 1 . . . . . . . . . . . . . . . . . . . . . . . . . . . . . . . . . . Open Door 10 | . . 1 . . . . . . . 1 . . . . . . . . . . . . . 6 . . . . . . . . . . . 1 1 . . . . Level Access Points 1 | . . . . . . . 1 . . . . . . . . . . . . . . . . . . . . . . . . . . . . . . . . . . Branch Access Points 6 | . . . 1 . . . 1 . . . . . . . . 1 . . . . . . 1 . . . . . . . . . . . 1 . . 1 . . . Terminal Index 2 | . . . . . . . . . . . . . . . . . . . . . . . 1 . . . . . . . . . . . . . . . . . 1 Locate Traps 1 | . . . . . . . . . . . . . . . . . . . . . . . . 1 . . . . . . . . . . . . . . . . . Surveillance Status 1 | . 1 . . . . . . . . . . . . . . . . . . . . . . . . . . . . . . . . . . . . . . . . Transport Status 1 | . . . . . . . 1 . . . . . . . . . . . . . . . . . . . . . . . . . . . . . . . . . . Hauler Manifests 4 | . 1 . 1 . . . 1 . . . . . . . . . . . . . . . . . . . . . . . 1 . . . . . . . . . . Registered Prototypes 2 | . . . 1 . . . . . . . . . . . . . . . . . . . . . . . . . . . . . . . . . . . . . 1 Zone Layout 2 | . 1 . . . . . 1 . . . . . . . . . . . . . . . . . . . . . . . . . . . . . . . . . . EX-Prototype ID Bank 1 | . . . . . 1 . . . . . . . . . . . . . . . . . . . . . . . . . . . . . . . . . . . . Disengage Seal 2 | . . . . . . . . . . . . . . . . . . . . . . . . . . . . . . . . . . . . . . . . . 2 Fabricator Hacks 8 | . . . . . . . . . . . . 2 . . . . . . . . 2 . . . . . . . . . 3 . . . 1 . . . . . . Load Schematic 5 | . . . . . . . . . . . . 1 . . . . . . . . 1 . . . . . . . . . 2 . . . 1 . . . . . . Build 3 | . . . . . . . . . . . . 1 . . . . . . . . 1 . . . . . . . . . 1 . . . . . . . . . . Repair Station Hacks 12 | . . . . . . . . . . . . . . 1 . . . . . . 8 . . . . . . . . . . . . . . 2 1 . . . . Scan Component 9 | . . . . . . . . . . . . . . 1 . . . . . . 5 . . . . . . . . . . . . . . 2 1 . . . . Repair 3 | . . . . . . . . . . . . . . . . . . . . . 3 . . . . . . . . . . . . . . . . . . . . Recycling Unit Hacks . | . . . . . . . . . . . . . . . . . . . . . . . . . . . . . . . . . . . . . . . . . . Scanalyzer 5 | . . . 3 . . . 1 . . . . . . . . . . . . . . . . . . . . . . . . . . . . 1 . . . . . Insert Component 3 | . . . 1 . . . 1 . . . . . . . . . . . . . . . . . . . . . . . . . . . . 1 . . . . . Analyze 2 | . . . 2 . . . . . . . . . . . . . . . . . . . . . . . . . . . . . . . . . . . . . . Garrison Access Hacks 11 | . . . . . . . 1 . . 1 . 1 . 2 . . . . . . 2 . . . . . 1 . . . 1 . 1 . . 1 . . . . . Unlock Access 9 | . . . . . . . 1 . . 1 . 1 . 1 . . . . . . 1 . . . . . 1 . . . 1 . 1 . . 1 . . . . . Seal Access 2 | . . . . . . . . . . . . . . 1 . . . . . . 1 . . . . . . . . . . . . . . . . . . . . Unauthorized Hacks 31 | . . . 5 . . . 5 . . 3 . 2 . 2 . . . . . . 3 . 1 3 . . . . . . . . 1 . . 1 1 . . . 4 Terminals 25 | . . . 3 . . . 3 . . 3 . 2 . 2 . . . . . . 2 . 1 3 . . . . . . . . . . . 1 1 . . . 4 Botnet 21 | . . . 3 . . . 3 . . 3 . 1 . 1 . . . . . . 1 . 1 3 . . . . . . . . . . . 1 1 . . . 3 Disrupt 1 | . . . . . . . . . . . . . . . . . . . . . . . . . . . . . . . . . . . . . . . . . 1 Operators 3 | . . . . . . . . . . . . 1 . 1 . . . . . . 1 . . . . . . . . . . . . . . . . . . . . Fabricators . | . . . . . . . . . . . . . . . . . . . . . . . . . . . . . . . . . . . . . . . . . . Repair Stations 2 | . . . . . . . . . . . . . . . . . . . . . 1 . . . . . . . . . . . 1 . . . . . . . . Mechanics 2 | . . . . . . . . . . . . . . . . . . . . . 1 . . . . . . . . . . . 1 . . . . . . . . Recycling Units 4 | . . . 2 . . . 2 . . . . . . . . . . . . . . . . . . . . . . . . . . . . . . . . . . Tunnel 4 | . . . 2 . . . 2 . . . . . . . . . . . . . . . . . . . . . . . . . . . . . . . . . . Scanalyzers . | . . . . . . . . . . . . . . . . . . . . . . . . . . . . . . . . . . . . . . . . . . Garrison Access . | . . . . . . . . . . . . . . . . . . . . . . . . . . . . . . . . . . . . . . . . . . Data Cores Recovered . | . . . . . . . . . . . . . . . . . . . . . . . . . . . . . . . . . . . . . . . . . . Used . | . . . . . . . . . . . . . . . . . . . . . . . . . . . . . . . . . . . . . . . . . . Hacking Detections 98 | . 5 . 6 . . . 10 . 2 4 . 3 . 6 . 1 . . . . 9 . 1 8 1 . . . . . 5 . 3 . 2 14 3 4 1 1 9 Full Trace Events 14 | . 1 . 1 . . . 1 . . . . 1 . . . . . . . . 2 . . 2 . . . . . . 2 . . . 1 2 1 . . . . Feedback Events . | . . . . . . . . . . . . . . . . . . . . . . . . . . . . . . . . . . . . . . . . . . Feedback Blocked . | . . . . . . . . . . . . . . . . . . . . . . . . . . . . . . . . . . . . . . . . . . Robot Schematics Acquired 1 | . . . . . . . . . . . . . . . . . . . . . . . . . . . . . . . . . . . . 1 . . . . . Robots Built . | . . . . . . . . . . . . . . . . . . . . . . . . . . . . . . . . . . . . . . . . . . Authchips . | . . . . . . . . . . . . . . . . . . . . . . . . . . . . . . . . . . . . . . . . . . Time . | . . . . . . . . . . . . . . . . . . . . . . . . . . . . . . . . . . . . . . . . . . Total Robot Build Rating . | . . . . . . . . . . . . . . . . . . . . . . . . . . . . . . . . . . . . . . . . . . Part Schematics Acquired 5 | . 2 . 1 . . . . . . . . . . . . . . . . . . . . . . . . . . . 1 . . . . 1 . . . . . Parts Built 6 | . . . . . . . . . . . . 2 . . . . . . . . 2 . . . . . . . . . 2 . . . . . . . . . . Authchips . | . . . . . . . . . . . . . . . . . . . . . . . . . . . . . . . . . . . . . . . . . . Time 184 | . . . . . . . . . . . . 25 . . . . . . . . 31 . . . . . . . . . 128 . . . . . . . . . . Total Part Build Rating 22 | . . . . . . . . . . . . 2 . . . . . . . . 4 . . . . . . . . . 16 . . . . . . . . . . Parts Repaired 3 | . . . . . . . . . . . . . . . . . . . . . 3 . . . . . . . . . . . . . . . . . . . . Time 114 | . . . . . . . . . . . . . . . . . . . . . 114 . . . . . . . . . . . . . . . . . . . . Parts Recycled . | . . . . . . . . . . . . . . . . . . . . . . . . . . . . . . . . . . . . . . . . . . Recycled Matter . | . . . . . . . . . . . . . . . . . . . . . . . . . . . . . . . . . . . . . . . . . . Retrieved Matter . | . . . . . . . . . . . . . . . . . . . . . . . . . . . . . . . . . . . . . . . . . . Retrieved Components . | . . . . . . . . . . . . . . . . . . . . . . . . . . . . . . . . . . . . . . . . . . Parts Scanalyzed 1 | . . . 1 . . . . . . . . . . . . . . . . . . . . . . . . . . . . . . . . . . . . . . Part Schematics Acquired . | . . . . . . . . . . . . . . . . . . . . . . . . . . . . . . . . . . . . . . . . . . Parts Damaged . | . . . . . . . . . . . . . . . . . . . . . . . . . . . . . . . . . . . . . . . . . . Bothacking | -11 -10 -10 -9 -9 -9 -8 -8 -8 -8 -8 -8 -7 -7 -7 -7 -7 -7 -7 -7 -6 -6 -6 -6 -6 -6 -6 -6 -6 -5 -5 -5 -5 -4 -4 -3 -3 -3 -2 -2 -1 -1 ------------ Run | Scr Mat Min Mat Min Exi Min Mat Gar Mat Sto Gar Fac Was Fac Gar Fac Low Low Zio Pro Fac Was Fac Ext Cet Arc Hub Gar Fac Was Fac Gar Fac Gar Res Qua Sec Res Tes Acc Com Used RIF Installer 6 | . . . . . . . . 1 . . 1 . . . 1 . . . . . . . . . . . . 1 . . . 1 . 1 . . . . . . . Hotswap 1 | . . . . . . . . . . . . . . . . . . . . . . . . . . . . . . . . 1 . . . . . . . . . Command Fork 1 | . . . . . . . . . . . . . . . . . . . . . . . . . . . . 1 . . . . . . . . . . . . . Threat Obfuscator 1 | . . . . . . . . . . . . . . . 1 . . . . . . . . . . . . . . . . . . . . . . . . . . Robot Detection 1 | . . . . . . . . . . . 1 . . . . . . . . . . . . . . . . . . . . . . . . . . . . . . Watcher Feeds 1 | . . . . . . . . . . . . . . . . . . . . . . . . . . . . . . . . . . 1 . . . . . . . Robots Hacked 51 | . . . . . . . . . 2 . . 2 6 5 . . 1 . . . 1 7 . . 4 3 . . 1 6 4 . 2 . . 1 . . . . 6 Non-combat 19 | . . . . . . . . . 2 . . 2 . 5 . . . . . . 1 . . . 1 . . . 1 . 4 . 2 . . 1 . . . . . Combat 32 | . . . . . . . . . . . . . 6 . . . 1 . . . . 7 . . 3 3 . . . 6 . . . . . . . . . . 6 Robot Hacks Applied 67 | . . . . . . . . . 2 . . 5 6 8 . . 1 . . . 1 7 . . 4 3 . . 1 10 4 . 2 . . 6 . . . . 7 parse_system 16 | . . . . . . . . . . . . . . . . . 1 . . . . 1 . . 3 3 . . . 1 . . . . . . . . . . 7 no_distress 1 | . . . . . . . . . . . . . . . . . . . . . . . . . . . . . . . . . 1 . . . . . . . . find_chute 4 | . . . . . . . . . . . . 1 . . . . . . . . 1 . . . . . . . 1 . . . 1 . . . . . . . . ignore_repairs 1 | . . . . . . . . . . . . . . . . . . . . . . . . . . . . . . . 1 . . . . . . . . . . ignore_parts 2 | . . . . . . . . . . . . . . 2 . . . . . . . . . . . . . . . . . . . . . . . . . . . purge_threat 11 | . . . . . . . . . . . . 3 . 3 . . . . . . . . . . . . . . . . . . . . . 5 . . . . . block_reporting 3 | . . . . . . . . . . . . 1 . 1 . . . . . . . . . . . . . . . . . . . . . 1 . . . . . ignore_targets 21 | . . . . . . . . . . . . . 6 . . . . . . . . 6 . . . . . . . 9 . . . . . . . . . . . formatsys_low 7 | . . . . . . . . . 2 . . . . 2 . . . . . . . . . . 1 . . . . . 2 . . . . . . . . . . formatsys_high 1 | . . . . . . . . . . . . . . . . . . . . . . . . . . . . . . . 1 . . . . . . . . . . Relay Couplers Released 77 | . . . . . . . . 12 . . 12 . . 5 18 . . . . . . . . . . . . 19 . . . . . 10 . . . . . 1 . Machine Destruction 73 | . . . . . . . . 12 . . 12 . . 1 18 . . . . . . . . . . . . 19 . . . . . 10 . . . . . 1 . Programmers 4 | . . . . . . . . . . . . . . 4 . . . . . . . . . . . . . . . . . . . . . . . . . . . Attached 15 | . . . . . . . . . 1 . . 2 1 3 2 . . . . . 1 . . . 1 . . . . 1 2 . . 1 . . . . . . . Fabnet Peak Effective % . | . . . . . . . . . . . . . . . . . . . . . . . . . . . . . . . . . . . . . . . . . . Robots Rewired 17 | . . . . . . . . . . . . . . . . . 2 . . 1 . . . 14 . . . . . . . . . . . . . . . . . Allies Hacked 1 | . . . . . . . . . . . . . . . . . . . . . 1 . . . . . . . . . . . . . . . . . . . . Hacks Repelled 1 | . . . . . . . . . . . . . . . . . . . . . . . . 1 . . . . . . . . . . . . . . . . . Allies | -11 -10 -10 -9 -9 -9 -8 -8 -8 -8 -8 -8 -7 -7 -7 -7 -7 -7 -7 -7 -6 -6 -6 -6 -6 -6 -6 -6 -6 -5 -5 -5 -5 -4 -4 -3 -3 -3 -2 -2 -1 -1 -------- Run | Scr Mat Min Mat Min Exi Min Mat Gar Mat Sto Gar Fac Was Fac Gar Fac Low Low Zio Pro Fac Was Fac Ext Cet Arc Hub Gar Fac Was Fac Gar Fac Gar Res Qua Sec Res Tes Acc Com Total Allies 195 | . . 5 . . . . . . 2 . . . 1 2 . . 2 . . 1 . 1 . 25 6 . . . . . 4 . . . . . . 7 . 29 110 Largest Group 23 | . . 5 2 . . . . . 2 2 . . 1 2 2 2 4 4 3 2 2 1 . 17 15 . . . . . 2 1 . . . . . 7 . 6 23 Highest-Rated Group 842 | . . 88 48 . . . . . 26 26 . . 31 24 25 25 70 70 48 41 41 31 . 697 751 . . . . . 180 13 . . . . . 104 . 88 842 Highest-Rated Ally 234 | . . 31 31 . . . . . 14 14 . . 31 12 13 13 25 25 25 29 29 31 . 159 159 . . . . . 115 13 . . . . . 15 . 15 234 Total Orders 189 | . . 1 . . . . . . 19 27 . . . 25 17 6 4 12 11 3 11 . . 2 9 . . . . . 29 9 . . . 4 . . . . . STAY 110 | . . 1 . . . . . . 11 20 . . . 13 11 4 2 4 8 1 9 . . . 4 . . . . . 17 5 . . . . . . . . . ROAM 4 | . . . . . . . . . . 1 . . . . 1 . . . 1 . . . . . 1 . . . . . . . . . . . . . . . . FOLLOW 30 | . . . . . . . . . 3 2 . . . 7 2 2 2 4 1 1 1 . . . . . . . . . 4 1 . . . . . . . . . GUARD 7 | . . . . . . . . . . . . . . . . . . . 1 . . . . 2 4 . . . . . . . . . . . . . . . . AID 17 | . . . . . . . . . 3 3 . . . . . . . . . . . . . . . . . . . . 8 3 . . . . . . . . . DROP 6 | . . . . . . . . . 1 . . . . 1 1 . . 2 . . 1 . . . . . . . . . . . . . . . . . . . . PICKUP 6 | . . . . . . . . . 1 . . . . 3 . . . 2 . . . . . . . . . . . . . . . . . . . . . . . COLLECT 5 | . . . . . . . . . . 1 . . . 1 2 . . . . 1 . . . . . . . . . . . . . . . . . . . . . EXPLORE 4 | . . . . . . . . . . . . . . . . . . . . . . . . . . . . . . . . . . . . 4 . . . . . Ally Attacks 1031 | . . 13 13 . . 4 . . . . . . 120 . . . . 16 1 . 3 121 . 177 372 . . . . . . . . . . . . . . 1 190 Total Damage 31748 | . . 177 187 . . 245 . . . . . . 1694 . . . . 420 41 . 22 1875 . 3897 13183 . . . . . . . . . . . . . . . 10007 Kills 174 | . . 4 4 . . 1 . . . . . . 1 . . . . 3 1 . . 3 . 31 85 . . . . . . . . . . . . . . . 41 Allies Corrupted 3 | . . . . . . . . . . . . . 1 . . . . . . 1 . 1 . . . . . . . . . . . . . . . . . . . Allies Melted 3 | . . . . . . 1 . . . . . . . . . . . 1 . . . . . 1 . . . . . . . . . . . . . . . . . Turrets Deployed 1 | . . . . . . 1 . . . . . . . . . . . . . . . . . . . . . . . . . . . . . . . . . . . Intel | -11 -10 -10 -9 -9 -9 -8 -8 -8 -8 -8 -8 -7 -7 -7 -7 -7 -7 -7 -7 -6 -6 -6 -6 -6 -6 -6 -6 -6 -5 -5 -5 -5 -4 -4 -3 -3 -3 -2 -2 -1 -1 ------- Run | Scr Mat Min Mat Min Exi Min Mat Gar Mat Sto Gar Fac Was Fac Gar Fac Low Low Zio Pro Fac Was Fac Ext Cet Arc Hub Gar Fac Was Fac Gar Fac Gar Res Qua Sec Res Tes Acc Com Robot Analysis Total 4 | . 1 . 1 . . . . . . 1 . . . . . . . . . . . . . 1 . . . . . . . . . . . . . . . . . Derelict Logs Recovered 6 | . . 1 . 2 . . . . . . . . . . . . 1 1 . 1 . . . . . . . . . . . . . . . . . . . . . Drone Launches 4 | . . . . . . . . . . . . . . . . . . . . . . . . . . . . . . . . . . . . 4 . . . . . Drone Recoveries . | . . . . . . . . . . . . . . . . . . . . . . . . . . . . . . . . . . . . . . . . . . Exploration | -11 -10 -10 -9 -9 -9 -8 -8 -8 -8 -8 -8 -7 -7 -7 -7 -7 -7 -7 -7 -6 -6 -6 -6 -6 -6 -6 -6 -6 -5 -5 -5 -5 -4 -4 -3 -3 -3 -2 -2 -1 -1 ------------- Run | Scr Mat Min Mat Min Exi Min Mat Gar Mat Sto Gar Fac Was Fac Gar Fac Low Low Zio Pro Fac Was Fac Ext Cet Arc Hub Gar Fac Was Fac Gar Fac Gar Res Qua Sec Res Tes Acc Com Turns Passed 153249 | 39 1664 1538 1698 1654 2735 273 3282 2454 2835 2094 1357 1801 1601 31212 3827 653 2260 3378 12109 4355 18819 1589 1612 3381 2857 8022 495 4829 502 1795 4092 1232 553 2084 520 4567 1345 540 204 345 11047 Spaces Moved 53565 | 13 707 546 713 629 921 135 1116 1384 1017 653 712 668 398 2626 1488 267 1164 1236 1066 1279 4293 552 636 1285 659 233 119 1966 170 629 1249 639 219 1181 242 2284 667 960 123 632 16089 Core . | . . . . . . . . . . . . . . . . . . . . . . . . . . . . . . . . . . . . . . . . . . Treads 30767 | 13 707 546 501 629 708 27 . 168 944 653 712 354 132 2626 1488 267 1164 1236 1066 1279 2990 552 636 1285 659 233 119 1966 170 629 1249 639 219 1181 242 2284 494 . . . . Legs 20192 | . . . . . 213 . 930 1072 . . . . . . . . . . . . . . . . . . . . . . . . . . . . 173 960 123 632 16089 Wheels 2420 | . . . 212 . . 108 . 144 73 . . 314 266 . . . . . . . 1303 . . . . . . . . . . . . . . . . . . . . Hover . | . . . . . . . . . . . . . . . . . . . . . . . . . . . . . . . . . . . . . . . . . . Flight 186 | . . . . . . . 186 . . . . . . . . . . . . . . . . . . . . . . . . . . . . . . . . . . Fastest Speed 30 | 160 160 240 150 240 160 130 120 120 130 167 162 145 145 160 230 230 150 150 150 150 140 240 160 160 160 160 160 160 160 160 143 143 151 147 146 145 30 30 30 30 30 Average Speed 142 | 160 211 240 177 240 242 152 146 148 162 167 164 172 191 203 230 230 183 253 300 306 223 240 160 183 160 160 204 219 160 182 147 144 151 147 149 159 129 30 30 30 30 Slowest Speed 400 | 160 240 240 240 240 400 240 400 400 167 167 167 238 240 240 230 230 230 305 305 312 240 240 240 240 160 160 240 240 160 240 160 151 151 151 153 248 166 30 30 90 90 Overloaded Moves . | . . . . . . . . . . . . . . . . . . . . . . . . . . . . . . . . . . . . . . . . . . Propulsion Burnouts . | . . . . . . . . . . . . . . . . . . . . . . . . . . . . . . . . . . . . . . . . . . Robots Hopped . | . . . . . . . . . . . . . . . . . . . . . . . . . . . . . . . . . . . . . . . . . . Cave-ins Triggered 8 | . . 1 . . . . . . . . . . . 1 . . . . . . . . . . . . . . . . . . . . . . 2 . . . 4 Teleports 1 | . . . . . . . . . . . . . . . . . . . . . . . . . . . . . . . . . . . . 1 . . . . . Exploration Rate (%) 57 | 2 86 99 63 99 82 25 81 98 44 36 84 13 88 32 72 6 95 65 14 77 61 88 21 93 81 99 11 96 7 88 20 73 10 90 8 98 32 20 33 21 91 Regions Visited 41 Branch Regions 17 Pre-discovered Areas 8 | . . . 2 1 1 . 2 . . 1 . . . . . . 1 . . . . . . . . . . . . . . . . . . . . . . . . Known Exits Taken 14 | . . . 1 . . 1 1 . 1 1 . . . 1 . 1 . . . . . . 1 . . . 1 . . . 1 . 1 . 1 . 1 1 . . . Unknown Exits Taken 15 | 1 1 1 . 1 1 . . . . . . . . . . . 1 1 1 1 . . . 1 1 1 . . . . . . . . . 1 . . 1 1 . Scrap Searched 13 | . . 1 . 1 . 2 . . . . . . . . . . 4 3 1 1 . . . . . . . . . . . . . . . . . . . . . Spaces Dug 658 | . 1 1 . . . . 2 . 22 7 5 1 . 9 . 3 . . 13 . 31 . 1 . 22 1 . 52 3 . 19 3 1 . . 5 32 32 12 40 340 Terrain Destroyed 5921 | . 51 2 61 . 42 10 135 264 426 303 53 171 . 54 15 3 35 . 13 126 153 2 23 4 291 1 41 108 142 3 408 99 34 113 66 34 302 131 14 44 2144 Melee 137 | . . . . . . . 2 . 4 7 5 1 . 7 . 3 . . 13 . 14 . 1 . . 1 . 52 2 . 17 3 1 . . 2 2 . . . . Projectile 2270 | . 1 2 . . 9 . 4 3 . . . . . 8 . . . . . 3 13 2 . 4 2 . 41 3 4 3 46 4 10 5 3 32 55 110 14 25 1864 AOE 3505 | . 50 . 61 . 32 10 129 261 422 296 48 170 . 39 15 . 35 . . 123 125 . 22 . 289 . . 51 136 . 343 91 22 107 63 . 245 21 . 19 280 Terrain Rammed . | . . . . . . . . . . . . . . . . . . . . . . . . . . . . . . . . . . . . . . . . . . Walls Destroyed . | . . . . . . . . . . . . . . . . . . . . . . . . . . . . . . . . . . . . . . . . . . Machines Disabled . | . . . . . . . . . . . . . . . . . . . . . . . . . . . . . . . . . . . . . . . . . . Actions | -11 -10 -10 -9 -9 -9 -8 -8 -8 -8 -8 -8 -7 -7 -7 -7 -7 -7 -7 -7 -6 -6 -6 -6 -6 -6 -6 -6 -6 -5 -5 -5 -5 -4 -4 -3 -3 -3 -2 -2 -1 -1 --------- Run | Scr Mat Min Mat Min Exi Min Mat Gar Mat Sto Gar Fac Was Fac Gar Fac Low Low Zio Pro Fac Was Fac Ext Cet Arc Hub Gar Fac Was Fac Gar Fac Gar Res Qua Sec Res Tes Acc Com Total 123041 | 25 792 769 1063 753 1267 177 2427 1635 1942 1494 839 1067 1145 27919 1810 286 1230 1451 9944 1628 12887 725 1063 2190 2340 7876 262 2234 313 1072 2950 872 362 1379 327 2993 967 1115 283 770 20398 Wait 61807 | . 8 199 241 111 169 7 1040 95 679 642 48 129 656 24859 202 6 18 183 8839 261 7817 90 286 782 1515 7632 78 48 70 192 1235 150 88 51 10 271 65 47 147 99 2742 Move 53521 | 12 706 545 712 628 920 134 1115 1383 1016 652 711 668 397 2624 1487 266 1163 1235 1066 1278 4293 551 635 1284 658 232 119 1965 170 628 1248 638 219 1180 241 2283 664 959 122 631 16083 Hop . | . . . . . . . . . . . . . . . . . . . . . . . . . . . . . . . . . . . . . . . . . . Pick Up 489 | 2 18 8 16 . 14 3 26 8 16 17 7 15 10 29 10 . 1 7 2 5 47 4 4 8 6 1 4 9 5 14 20 6 3 10 3 58 41 2 1 . 29 Fast Attach 499 | 1 1 1 2 . 9 3 9 6 5 3 1 5 4 15 11 . . 1 6 1 124 5 14 7 16 . 5 16 2 5 36 11 1 22 16 70 20 12 1 7 25 Attach 233 | . . 1 2 . 7 1 4 3 2 1 . 13 4 10 4 . 3 5 . 10 18 . 5 4 5 2 1 7 6 5 8 4 2 12 3 28 9 5 2 4 33 Detach 110 | . . 1 . . 1 . 1 . . . . . 3 3 . . 1 2 1 1 12 1 . 1 5 . . 3 2 2 4 4 . 4 1 20 1 4 1 4 27 Swap 791 | 3 10 3 16 1 9 5 31 17 71 44 13 45 3 45 11 6 8 3 7 9 66 7 16 16 22 2 2 12 12 4 102 16 14 12 9 32 43 7 1 1 35 Drop 850 | 4 4 8 22 1 18 6 30 13 25 22 9 17 8 42 18 . 1 . 8 3 163 13 17 10 27 1 5 18 2 17 49 13 1 22 14 109 32 12 1 5 60 Fire 4127 | 3 44 3 50 8 55 2 131 81 122 106 40 141 52 273 45 5 18 14 . 60 314 49 80 73 71 4 48 58 42 190 229 24 33 66 29 76 79 65 7 17 1320 Melee 467 | . . . . . 65 16 40 7 6 7 10 33 8 10 . 3 17 . 15 . 22 5 1 . 15 2 . 79 2 15 18 6 1 . . 46 11 . . . 7 Ram 3 | . . . 1 . . . . . . . . . . . . . . . . . 2 . . . . . . . . . . . . . . . . . . . . Kick 5 | . . . . . . . . . . . . . . . . . . . . . . . . . . . . . . . . . . . . . . 2 . 2 1 Crush 29 | . 1 . 1 4 . . . . . . . 1 . . . . . 1 . . 9 . 5 5 . . . . . . 1 . . . 1 . . . . . . Escape Stasis 106 | . . . . . . . . 20 . . . . . 9 22 . . . . . . . . . . . . 18 . . . . . . . . 2 . . . 35 Rewire 4 | . . . . . . . . 2 . . . . . . . . . . . . . . . . . . . 1 . . . . . . . . . . . . 1 Trap . | . . . . . . . . . . . . . . . . . . . . . . . . . . . . . . . . . . . . . . . . . . Miscellaneous . | . . . . . . . . . . . . . . . . . . . . . . . . . . . . . . . . . . . . . . . . . . Route ------- -11/Scrapyard -10/Materials (discovered 4 exits: *Mat x3 / *Min) -10/Mines (discovered 2 exits: *Mat x2) -9/Materials (discovered 4 exits: *Mat x2 / *Min x2) -9/Mines (discovered 3 exits: *Mat x2 / *Exi) -9/Exiles -8/Mines -8/Materials (discovered 5 exits: Fac x3 / *Sto / Gar) -8/Garrison (discovered 3 exits: *Mat x3) -8/Materials (discovered 2 exits: *Fac / *Sto) -8/Storage -8/Garrison (discovered 3 exits: *Fac x3) -7/Factory (discovered 3 exits: *Fac / *Low / Gar) -7/Waste -7/Factory (discovered 2 exits: *Fac / Gar) -7/Garrison (discovered 3 exits: *Fac x3) -7/Factory (discovered 2 exits: *Low x2) -7/Lower Caves -7/Lower Caves (discovered 2 exits: *Fac / [*Zio]) -7/Zion -6/Proximity Caves -6/Factory (discovered 8 exits: [*Fac x3] / *Low x2 / *Ext x2 / Gar) -6/Waste -6/Factory (discovered 4 exits: Low x2 / *Ext x2) -6/Extension (discovered 2 exits: [*Fac] / *Cet) -6/Cetus (discovered 2 exits: [*Fac] / *Arc) -6/Archives (discovered 3 exits: [*Fac] / *Hub x2) -6/Hub_04(d) (discovered 3 exits: [*Fac x2] / Gar) -6/Garrison (discovered 3 exits: [*Fac x3]) -5/Factory -5/Waste -5/Factory -5/Garrison (discovered 3 exits: *Fac x3) -4/Factory -4/Garrison (discovered 3 exits: *Res x3) -3/Research (discovered 2 exits: *Qua x2) -3/Quarantine (discovered 3 exits: *Res / *Sec / Gar) -3/Section 7 -2/Research (discovered 4 exits: *Acc x2 / *Tes x2) -2/Testing -1/Access -1/Command (discovered 2 exits: [*Sur x2]) Tau Ceti IV Orbit History --------- Turn | Location | Event 14 | -11/Scrapyard | Discovered new exit (range 2) 40 | -11/Scrapyard | Entered Materials 249 | -10/Materials | Discovered new exit (range 7) 302 | -10/Materials | Build established: Mutant 442 | -10/Materials | Discovered new exit (range 12) 1130 | -10/Materials | Discovered new exit (range 16) 1372 | -10/Materials | Discovered new exit (range 10) 1704 | -10/Materials | Entered Mines 1705 | -10/Mines | Assembled infested the area 1710 | -10/Mines | Assisted by a Guerilla fighting off Assembled 1795 | -10/Mines | Crushed by falling debris 1795 | -10/Mines | Core integrity fell below 50% 1944 | -10/Mines | Learned location of 1 exit from Materials 1966 | -10/Mines | Assisted by bots powering up and referring to "LRC-V3" 2186 | -10/Mines | Discovered new exit (range 10) 2430 | -10/Mines | Discovered new exit (range 6) 2454 | -10/Mines | Received a Rocket Launcher from a helpful Derelict 2699 | -10/Mines | Met a Derelict who couldn't figure out how to use a Trap Extractor 3017 | -10/Mines | Found a damaged Exp. Sensor Array with a note attached 3023 | -10/Mines | Found Prototype Device 3242 | -10/Mines | Entered Materials 3242 | -9/Materials | Accompanied by 2 allies 3242 | -9/Materials | Evolved 2 slots: Propulsion x1, Utility x1 3243 | -9/Materials | Identified exit to Materials 3247 | -9/Materials | Led the pair of lost Derelicts to an unsafe place 3840 | -9/Materials | Destroyed 7 combat bots 3883 | -9/Materials | Discovered new exit (range 13) 3974 | -9/Materials | Discovered exit to Materials (range 15) 4716 | -9/Materials | Identified Exp. Sensor Array 4769 | -9/Materials | Identified exit to Mines 4940 | -9/Materials | Entered Mines 4990 | -9/Mines | Met a Derelict bent on vengeance 5058 | -9/Mines | Joined a pair of Derelicts in attacking an 0b10 outpost 5228 | -9/Mines | Learned Materials security intel 5431 | -9/Mines | Learned location of Zion (-7) 5448 | -9/Mines | Deemed a non-threat by the Exiles lab entrance 5448 | -9/Mines | Discovered new exit (range 5) 5673 | -9/Mines | Discovered exit to Materials (range 12) 6123 | -9/Mines | Discovered exit to Materials (range 9) 6594 | -9/Mines | Entered Exiles 6650 | -9/Exiles | Met 8R-AWN 6695 | -9/Exiles | Met EX-HEX 6767 | -9/Exiles | Met EX-BIN 6801 | -9/Exiles | Aligned with FarCom system 6803 | -9/Exiles | Given EX-Vault access code 6875 | -9/Exiles | Opened EX-Vault 6895 | -9/Exiles | Found Skeleton Box 6949 | -9/Exiles | Warned to stay clear of 0b10 Research branches 7030 | -9/Exiles | Met EX-DEC 7129 | -9/Exiles | Discovered new exit (range 15) 7608 | -9/Exiles | Attacked by the Exiles 7678 | -9/Exiles | Destroyed 7 combat bots 7748 | -9/Exiles | Lost 4 parts (1p2n1w) 7812 | -9/Exiles | Lost 3 parts (2n1u) 7833 | -9/Exiles | Destroyed 8R-AWN 7844 | -9/Exiles | Found Prototype Device 7844 | -9/Exiles | Identified AS-neutralizer No. 17b 7857 | -9/Exiles | Found Prototype Ballistic Gun 8149 | -9/Exiles | Identified 8R-AWN's Boregun 8305 | -9/Exiles | Destroyed EX-HEX 8387 | -9/Exiles | Destroyed EX-BIN 8519 | -9/Exiles | Core integrity fell below 50% 8580 | -9/Exiles | Destroyed EX-DEC 8779 | -9/Exiles | Found Deploy-a-Sentry 9052 | -9/Exiles | Found Flying Fortress v7 9066 | -9/Exiles | Found Latent Energy Streamer 9329 | -9/Exiles | Stole three prototypes: Flying Fortress v7, Skeleton Box, Deploy-a-Sentry 9329 | -9/Exiles | Entered Mines 9340 | -8/Mines | AD-0RF came to Exiles' defense 9345 | -8/Mines | DAS Turret deployed 9395 | -8/Mines | Destroyed AD-0RF 9414 | -8/Mines | Core integrity fell below 20% 9572 | -8/Mines | Discovered exit to Materials (range 16) 9602 | -8/Mines | Entered Materials 9602 | -8/Materials | Evolved 2 slots: Propulsion x1, Weapon x1 9691 | -8/Materials | Identified exit to Garrison 9714 | -8/Materials | Discovered new exit (range 12) 9800 | -8/Materials | Garrison activated, responded to threat 9914 | -8/Materials | Identified exit to Factory 10613 | -8/Materials | Identified exit to Storage 10992 | -8/Materials | Build established: Tank 12002 | -8/Materials | First assault squad dispatched 12816 | -8/Materials | Sterilization system engaged 12816 | -8/Materials | Non-combat units ordered to evacuate 12884 | -8/Materials | Entered Garrison 12894 | -8/Garrison | Installed Relay Interface Framework 13012 | -8/Garrison | Triggered checkpoint 13034 | -8/Garrison | Triggered checkpoint 13060 | -8/Garrison | Destroyed 8 combat bots 13109 | -8/Garrison | Discovered new exit (range 12) 13223 | -8/Garrison | Triggered checkpoint 13301 | -8/Garrison | Build established: Mutant 13317 | -8/Garrison | Triggered checkpoint 13461 | -8/Garrison | Discovered new exit (range 13) 13589 | -8/Garrison | Discovered new exit (range 15) 13612 | -8/Garrison | Build established: Tank 13636 | -8/Garrison | Triggered checkpoint 13698 | -8/Garrison | Garrison Relay disabled 13980 | -8/Garrison | Phase Generator disabled 14384 | -8/Garrison | Triggered checkpoint 14402 | -8/Garrison | Garrison Relay disabled 14546 | -8/Garrison | Garrison Relay disabled 14632 | -8/Garrison | Triggered checkpoint 14838 | -8/Garrison | Triggered checkpoint 14891 | -8/Garrison | Garrison Relay disabled 15191 | -8/Garrison | Build established: Scavenger-Mutant 15338 | -8/Garrison | Entered Materials 15338 | -8/Materials | Discovered exit to Storage (range 8) 16014 | -8/Materials | Discovered exit to Factory (range 3) 16138 | -8/Materials | First assault squad dispatched 16375 | -8/Materials | Core integrity fell below 50% 16656 | -8/Materials | Build established: Scavenger-Gunner 17817 | -8/Materials | High security lockdown imminent 17866 | -8/Materials | Destroyed 7 combat bots 17897 | -8/Materials | High security lockdown engaged 17952 | -8/Materials | Sterilization system engaged 17952 | -8/Materials | Non-combat units ordered to evacuate 17995 | -8/Materials | Destroyed 20 combat bots 18052 | -8/Materials | Combat units ordered to evacuate 18173 | -8/Materials | Entered Storage 18173 | -8/Storage | Accompanied by 2 allies 18246 | -8/Storage | Remotely autohacked Sealed Heavy Doors 18433 | -8/Storage | Garrison activated, responded to threat 18468 | -8/Storage | Identified exit to Garrison 18542 | -8/Storage | Learned location of Armory (-4) 18573 | -8/Storage | First assault squad dispatched 18621 | -8/Storage | Garrison activated, responded to threat 19213 | -8/Storage | Garrison activated, responded to threat 19579 | -8/Storage | Garrison activated, responded to threat 19766 | -8/Storage | Build established: Tank 19849 | -8/Storage | High security lockdown imminent 19877 | -8/Storage | Destroyed 9 combat bots 19929 | -8/Storage | High security lockdown engaged 20060 | -8/Storage | Destroyed 14 combat bots 20081 | -8/Storage | Build established: Mutant 20137 | -8/Storage | Destroyed 19 combat bots 20191 | -8/Storage | Sterilization system engaged 20191 | -8/Storage | Non-combat units ordered to evacuate 20267 | -8/Storage | Entered Garrison 20326 | -8/Garrison | Triggered checkpoint 20362 | -8/Garrison | Triggered checkpoint 20466 | -8/Garrison | Discovered exit to Factory (range 10) 20634 | -8/Garrison | Discovered exit to Factory (range 15) 20663 | -8/Garrison | Build established: Scavenger-Tank 20675 | -8/Garrison | Expanded RIF knowledge: Robot Detection 20775 | -8/Garrison | Garrison Relay disabled 21011 | -8/Garrison | Build established: Scavenger-Mutant 21082 | -8/Garrison | Triggered checkpoint 21128 | -8/Garrison | Garrison Relay disabled 21219 | -8/Garrison | Triggered checkpoint 21314 | -8/Garrison | Discovered exit to Factory (range 13) 21378 | -8/Garrison | Triggered checkpoint 21469 | -8/Garrison | Garrison Relay disabled 21624 | -8/Garrison | Entered Factory 21624 | -7/Factory | Evolved 2 slots: Utility x2 21649 | -7/Factory | Identified exit to Garrison 21917 | -7/Factory | Build established: Bothacker-Tank 21926 | -7/Factory | Fabricated Transport Network Coupler (x2) 22424 | -7/Factory | First assault squad dispatched 22720 | -7/Factory | Discovered new exit (range 12) 23153 | -7/Factory | Cargo convoy interrupted 23346 | -7/Factory | Lost 4 parts (2n1u1w) 23421 | -7/Factory | Discovered new exit (range 16) 23425 | -7/Factory | Sucked down chute 23425 | -7/Factory | Entered Waste 23426 | -7/Waste | Met a frightened Derelict 23434 | -7/Waste | Spotted C-40 Crusher 23439 | -7/Waste | Spotted C-40 Crusher 23440 | -7/Waste | EMP discharged 23440 | -7/Waste | System corruption reached 10% 23452 | -7/Waste | Lost 6 parts (2n2u2w) 23494 | -7/Waste | Spotted C-40 Crusher 23496 | -7/Waste | Spotted C-40 Crusher 23502 | -7/Waste | Spotted C-40 Crusher 23522 | -7/Waste | Spotted C-40 Crusher 23540 | -7/Waste | EMP discharged 23607 | -7/Waste | Allies destroyed C-40 Crusher 23640 | -7/Waste | EMP discharged 23640 | -7/Waste | System corruption reached 30% 23680 | -7/Waste | Discovered new exit (range 12) 23688 | -7/Waste | Build established: Mutant 23740 | -7/Waste | EMP discharged 23753 | -7/Waste | Destroyed C-40 Crusher 23795 | -7/Waste | Destroyed C-40 Crusher 23809 | -7/Waste | Found Damper Plating 23840 | -7/Waste | EMP discharged 23940 | -7/Waste | EMP discharged 24040 | -7/Waste | EMP discharged 24056 | -7/Waste | Destroyed C-40 Crusher 24140 | -7/Waste | EMP discharged 24145 | -7/Waste | Destroyed C-40 Crusher 24197 | -7/Waste | Destroyed C-40 Crusher 24240 | -7/Waste | EMP discharged 24340 | -7/Waste | EMP discharged 24418 | -7/Waste | Build established: Scavenger-Tank 24440 | -7/Waste | EMP discharged 24540 | -7/Waste | EMP discharged 24640 | -7/Waste | EMP discharged 24740 | -7/Waste | EMP discharged 24840 | -7/Waste | EMP discharged 24940 | -7/Waste | EMP discharged 25026 | -7/Waste | Entered Factory 25732 | -7/Factory | Core integrity fell below 50% 26012 | -7/Factory | Identified exit to Garrison 26247 | -7/Factory | Discovered new exit (range 9) 39698 | -7/Factory | Crushed by falling debris 45464 | -7/Factory | Build established: Scavenger-Mutant 46870 | -7/Factory | Build established: Scavenger-Tank 48428 | -7/Factory | Build established: Scavenger-Mutant 49397 | -7/Factory | Build established: Scavenger-Tank 55628 | -7/Factory | Build established: Scavenger-Mutant 56238 | -7/Factory | Entered Garrison 56238 | -7/Garrison | Accompanied by 2 allies 56281 | -7/Garrison | Expanded RIF knowledge: Threat Obfuscation 56407 | -7/Garrison | Triggered checkpoint 56478 | -7/Garrison | Triggered checkpoint 56631 | -7/Garrison | Build established: Scavenger-Tank 56777 | -7/Garrison | Discovered new exit (range 10) 56969 | -7/Garrison | Discovered new exit (range 9) 57234 | -7/Garrison | Triggered checkpoint 57271 | -7/Garrison | Garrison Relay disabled 57528 | -7/Garrison | Triggered checkpoint 57558 | -7/Garrison | Garrison Relay disabled 57846 | -7/Garrison | Triggered checkpoint 57871 | -7/Garrison | Build established: Scavenger-Mutant 57956 | -7/Garrison | Garrison Relay disabled 58077 | -7/Garrison | Triggered checkpoint 58174 | -7/Garrison | Discovered new exit (range 9) 58227 | -7/Garrison | Triggered checkpoint 58312 | -7/Garrison | Garrison Relay disabled 59525 | -7/Garrison | Build established: Bothacker-Mutant 60065 | -7/Garrison | Entered Factory 60065 | -7/Factory | Accompanied by 2 allies 60373 | -7/Factory | Build established: Bothacker-Tank 60396 | -7/Factory | Identified exit to Lower Caves 60718 | -7/Factory | Entered Lower Caves 60718 | -7/Lower Caves | Accompanied by 2 allies 60718 | -7/Lower Caves | Spotted WH-MM7(f) 60718 | -7/Lower Caves | Spotted VL-SZ6(f) 60719 | -7/Lower Caves | Encountered a Master Thief 60719 | -7/Lower Caves | Encountered a Master Thief 60719 | -7/Lower Caves | Skeleton Box stolen by Master Thief 60723 | -7/Lower Caves | Antimatter Reactor stolen by Master Thief 60725 | -7/Lower Caves | Spotted TT-OIT(f) 60726 | -7/Lower Caves | Encountered a Master Thief 60727 | -7/Lower Caves | Hvy. Treads stolen by Master Thief 60989 | -7/Lower Caves | Build established: Bothacker-Mutant 61365 | -7/Lower Caves | Encountered a Warlord checkpoint 61560 | -7/Lower Caves | Build established: Bothacker-Tank 61573 | -7/Lower Caves | Attacked by a faux Warlord 61982 | -7/Lower Caves | Build established: Bothacker-Mutant 62182 | -7/Lower Caves | Discovered new exit (range 11) 62978 | -7/Lower Caves | Entered another Lower Caves area 62978 | -7/Lower Caves | Accompanied by 4 allies 62989 | -7/Lower Caves | Learned Factory terminal intel 63011 | -7/Lower Caves | Discovered new exit (range 8) 63354 | -7/Lower Caves | Spotted BR-N5O(f) 63356 | -7/Lower Caves | Encountered a Master Thief 63357 | -7/Lower Caves | Spotted KK-5AY(f) 63358 | -7/Lower Caves | Encountered a Master Thief 63358 | -7/Lower Caves | Spotted F0-60F(f) 63358 | -7/Lower Caves | Hvy. Treads stolen by Master Thief 63358 | -7/Lower Caves | Spotted H1-46L(f) 63359 | -7/Lower Caves | Encountered a Master Thief 63359 | -7/Lower Caves | Encountered a Master Thief 63361 | -7/Lower Caves | Shock Maul stolen by Master Thief 63363 | -7/Lower Caves | Imp. Deuterium Engine stolen by Master Thief 63371 | -7/Lower Caves | Imp. Cooling System stolen by Master Thief 63683 | -7/Lower Caves | Build established: Scavenger-Tank 64729 | -7/Lower Caves | Build established: Tank 65066 | -7/Lower Caves | Discovered new exit (range 5) 65603 | -7/Lower Caves | Build established: Mutant 65907 | -7/Lower Caves | Build established: Tank 66356 | -7/Lower Caves | Entered Zion 66356 | -7/Zion | Accompanied by 3 allies 66647 | -7/Zion | Build established: Scavenger-Mutant 66665 | -7/Zion | Given A8's code to call for help 66839 | -7/Zion | Discovered new exit (range 14) 67366 | -7/Zion | Build established: Mutant 67567 | -7/Zion | System corruption cleaned by Quarantine Array 78415 | -7/Zion | RIF detected upon attempting to enter Zion 78415 | -7/Zion | Attacked by Zionites 78465 | -7/Zion | NK-0LA came to Zion's defense 78465 | -7/Zion | Entered Proximity Caves 78465 | -6/Proximity Caves | Accompanied by 2 allies 78805 | -6/Proximity Caves | Build established: Tank 79110 | -6/Proximity Caves | Lost 6 parts (3n2u1w) 79342 | -6/Proximity Caves | Build established: Scavenger-Tank 80040 | -6/Proximity Caves | Attracted the attention of an 0b10 checkpoint 80657 | -6/Proximity Caves | Spotted B-75 Beast 80754 | -6/Proximity Caves | Build established: Scavenger-Mutant 80919 | -6/Proximity Caves | Attracted the attention of an 0b10 outpost 80934 | -6/Proximity Caves | Core integrity fell below 20% 80985 | -6/Proximity Caves | Destroyed 10 combat bots 81159 | -6/Proximity Caves | Discovered new exit (range 5) 81328 | -6/Proximity Caves | Build established: Tank 82820 | -6/Proximity Caves | Entered Factory 82820 | -6/Factory | Accompanied by 2 allies 82820 | -6/Factory | Evolved 2 slots: Utility x2 82821 | -6/Factory | Identified exit to Extension 82822 | -6/Factory | Loaded intel: 28 terminal locations 82964 | -6/Factory | Discovered new exit (range 5) 83077 | -6/Factory | Identified exit to Garrison 83519 | -6/Factory | Build established: Scavenger-Mutant 85901 | -6/Factory | Build established: Scavenger-Tank 91398 | -6/Factory | Build established: Scavenger-Gunner 91783 | -6/Factory | Discovered new exit (range 15) 91933 | -6/Factory | Build established: Scavenger-Tank 92710 | -6/Factory | Discovered exit to Extension (range 12) 92719 | -6/Factory | Build established: Scavenger-Mutant 93153 | -6/Factory | Build established: Scavenger-Tank 93608 | -6/Factory | Found Prototype Processor 93608 | -6/Factory | Identified Exp. Targeting Computer 94438 | -6/Factory | Discovered new exit (range 12) 94884 | -6/Factory | Fabricated Arm. Wheel (x2) 95179 | -6/Factory | Build established: Tank 97936 | -6/Factory | Repaired Hvy. Missile Launcher 97963 | -6/Factory | Repaired Lgt. Treads 98009 | -6/Factory | Repaired System Restoration Module 98933 | -6/Factory | Discovered new exit (range 15) 99301 | -6/Factory | Discovered new exit (range 8) 101121 | -6/Factory | Build established: Mutant 101639 | -6/Factory | Sucked down chute 101639 | -6/Factory | Entered Waste 101640 | -6/Waste | Met a frightened Derelict 101654 | -6/Waste | EMP discharged 101660 | -6/Waste | Spotted C-40 Crusher 101674 | -6/Waste | Spotted C-40 Crusher 101690 | -6/Waste | Spotted C-40 Crusher 101705 | -6/Waste | Spotted C-40 Crusher 101754 | -6/Waste | EMP discharged 101803 | -6/Waste | Allies destroyed C-40 Crusher 101805 | -6/Waste | Allies destroyed C-40 Crusher 101814 | -6/Waste | Spotted C-40 Crusher 101854 | -6/Waste | EMP discharged 101861 | -6/Waste | Spotted C-40 Crusher 101935 | -6/Waste | Allies destroyed C-40 Crusher 101942 | -6/Waste | Found Damper Plating 101954 | -6/Waste | EMP discharged 102054 | -6/Waste | EMP discharged 102072 | -6/Waste | Destroyed C-40 Crusher 102106 | -6/Waste | Destroyed C-40 Crusher 102154 | -6/Waste | EMP discharged 102221 | -6/Waste | Discovered new exit (range 13) 102254 | -6/Waste | EMP discharged 102327 | -6/Waste | Destroyed C-40 Crusher 102354 | -6/Waste | EMP discharged 102354 | -6/Waste | Found Damper Plating 102385 | -6/Waste | Build established: Scavenger-Mutant 102454 | -6/Waste | EMP discharged 102554 | -6/Waste | EMP discharged 102654 | -6/Waste | EMP discharged 102754 | -6/Waste | EMP discharged 102854 | -6/Waste | EMP discharged 102954 | -6/Waste | EMP discharged 103054 | -6/Waste | EMP discharged 103154 | -6/Waste | EMP discharged 103228 | -6/Waste | Entered Factory 103651 | -6/Factory | Build established: Scavenger-Tank 104542 | -6/Factory | Identified exit to Lower Caves 104840 | -6/Factory | Entered Extension 105588 | -6/Extension | Enhanced Grunt warped into view, answering call for help 105606 | -6/Extension | Enhanced Grunt warped into view, answering call for help 105764 | -6/Extension | Rescued a captive Derelict 105765 | -6/Extension | Rescued a captive Derelict 106422 | -6/Extension | Spotted B-75 Beast 106442 | -6/Extension | Allies destroyed B-75 Beast 106455 | -6/Extension | Spotted B-75 Beast 106471 | -6/Extension | Destroyed B-75 Beast 106618 | -6/Extension | Rescued a captive Derelict 106772 | -6/Extension | Rescued a captive Derelict 106773 | -6/Extension | Rescued a captive Derelict 106965 | -6/Extension | Disrupted transfer network 107132 | -6/Extension | Rescued a captive Derelict 107435 | -6/Extension | Rescued A7 107502 | -6/Extension | Rescued a captive Derelict 107503 | -6/Extension | Rescued a captive Derelict 107540 | -6/Extension | Build established: Commander-Tank 107802 | -6/Extension | Discovered new exit (range 16) 107804 | -6/Extension | Discovered new exit (range 15) 108221 | -6/Extension | Entered Cetus 108221 | -6/Cetus | Accompanied by 15 allies (A7) 108226 | -6/Cetus | Acquired a Cetus Manufacturing Module code from A7 108259 | -6/Cetus | Spotted Cetus Guard 108259 | -6/Cetus | Spotted Cetus Guard 108262 | -6/Cetus | Spotted Cetus Guard 108262 | -6/Cetus | Spotted Cetus Guard 108269 | -6/Cetus | Allies destroyed Cetus Guard 108269 | -6/Cetus | P-60 Hacker assimilated allied CD-OSK(h) 108270 | -6/Cetus | Allies destroyed Cetus Guard 108276 | -6/Cetus | Core integrity fell below 50% 108283 | -6/Cetus | Allies destroyed Cetus Guard 108293 | -6/Cetus | Allies destroyed Cetus Guard 108398 | -6/Cetus | Started Cetus Manufacturing Module 108423 | -6/Cetus | Manufactured an Enhanced Grunt 108448 | -6/Cetus | Manufactured an Enhanced Grunt 108473 | -6/Cetus | Manufactured an Enhanced Grunt 108498 | -6/Cetus | Manufactured an Enhanced Grunt 108523 | -6/Cetus | Manufactured an Enhanced Grunt 108561 | -6/Cetus | Discovered new exit (range 15) 108614 | -6/Cetus | Spotted Cetus Guard 108614 | -6/Cetus | Spotted Cetus Guard 108615 | -6/Cetus | Spotted Cetus Guard 108615 | -6/Cetus | Spotted Cetus Guard 108615 | -6/Cetus | Allies destroyed Cetus Guard 108616 | -6/Cetus | Allies destroyed Cetus Guard 108617 | -6/Cetus | Allies destroyed Cetus Guard 108622 | -6/Cetus | Allies destroyed Cetus Guard 108625 | -6/Cetus | Discovered new exit (range 15) 108633 | -6/Cetus | Met Revision 17 108752 | -6/Cetus | Cetus Manufacturing Module disabled 109121 | -6/Cetus | Build established: Scavenger-Mutant 109710 | -6/Cetus | Escorted A7 to Cetus Mainframe 110575 | -6/Cetus | High security lockdown imminent 110655 | -6/Cetus | High security lockdown engaged 110824 | -6/Cetus | Destroyed 10 combat bots 110870 | -6/Cetus | Destroyed 8 combat bots 110960 | -6/Cetus | Sterilization system engaged 110960 | -6/Cetus | Non-combat units ordered to evacuate 110975 | -6/Cetus | Destroyed 15 combat bots 111037 | -6/Cetus | Extracted ID and sensor layout for unrecognized location from A7's data core 111060 | -6/Cetus | Combat units ordered to evacuate 111064 | -6/Cetus | Destroyed 14 combat bots 111078 | -6/Cetus | Entered Archives 111104 | -6/Archives | Met Zhirov 111110 | -6/Archives | Reinforcements dispatched to Archives 111114 | -6/Archives | Unable to access archive contents 111138 | -6/Archives | Read partially decrypted archive contents 111141 | -6/Archives | Discovered new exit (range 15) 111154 | -6/Archives | Unable to access archive contents 111155 | -6/Archives | Reinforcements dispatched to Archives 111157 | -6/Archives | Zhirov warped through subspace 111175 | -6/Archives | Zhirov detonated Archives 111546 | -6/Archives | Discovered new exit (range 15) 111630 | -6/Archives | Discovered new exit (range 16) 119100 | -6/Archives | Entered Hub_04(d) 119150 | -6/Hub_04(d) | Discovered new exit (range 13) 119263 | -6/Hub_04(d) | Core integrity fell below 20% 119367 | -6/Hub_04(d) | Garrison activated, responded to threat 119398 | -6/Hub_04(d) | Build established: Scavenger-Tank 119592 | -6/Hub_04(d) | Discovered new exit (range 9) 119595 | -6/Hub_04(d) | Identified exit to Garrison 119595 | -6/Hub_04(d) | Entered Garrison 119596 | -6/Garrison | Destroyed 8 combat bots 119605 | -6/Garrison | Expanded RIF knowledge: Command Fork 119731 | -6/Garrison | Triggered checkpoint 119755 | -6/Garrison | Triggered checkpoint 119877 | -6/Garrison | Destroyed 17 combat bots 119900 | -6/Garrison | Triggered checkpoint 119949 | -6/Garrison | System corruption reached 10% 120038 | -6/Garrison | Discovered new exit (range 10) 120263 | -6/Garrison | Discovered new exit (range 15) 120524 | -6/Garrison | Discovered new exit (range 15) 120648 | -6/Garrison | Triggered checkpoint 120688 | -6/Garrison | Garrison Relay disabled 120860 | -6/Garrison | Triggered checkpoint 120901 | -6/Garrison | Garrison Relay disabled 121088 | -6/Garrison | Triggered checkpoint 121156 | -6/Garrison | Garrison Relay disabled 121342 | -6/Garrison | Triggered checkpoint 121402 | -6/Garrison | Garrison Relay disabled 121697 | -6/Garrison | Build established: Scavenger-Mutant 123879 | -6/Garrison | Build established: Scavenger-Gunner 124366 | -6/Garrison | Build established: Bothacker-Gunner 124424 | -6/Garrison | Entered Factory 124424 | -5/Factory | Evolved 2 slots: Propulsion x1, Weapon x1 124724 | -5/Factory | First assault squad dispatched 124782 | -5/Factory | Destroyed 9 combat bots 124926 | -5/Factory | Sucked down chute 124926 | -5/Factory | Entered Waste 124941 | -5/Waste | EMP discharged 124943 | -5/Waste | Spotted C-40 Crusher 124947 | -5/Waste | Spotted C-40 Crusher 124973 | -5/Waste | Spotted C-40 Crusher 124981 | -5/Waste | Found Corrupted Unknown Piercing Weapon 124990 | -5/Waste | Spotted C-40 Crusher 125041 | -5/Waste | EMP discharged 125141 | -5/Waste | EMP discharged 125192 | -5/Waste | Spotted C-40 Crusher 125216 | -5/Waste | Spotted C-40 Crusher 125241 | -5/Waste | EMP discharged 125258 | -5/Waste | Discovered new exit (range 15) 125341 | -5/Waste | EMP discharged 125415 | -5/Waste | Destroyed C-40 Crusher 125441 | -5/Waste | EMP discharged 125502 | -5/Waste | Build established: Scavenger-Mutant 125506 | -5/Waste | Destroyed C-40 Crusher 125520 | -5/Waste | Found Damper Plating 125541 | -5/Waste | EMP discharged 125571 | -5/Waste | Destroyed C-40 Crusher 125609 | -5/Waste | Destroyed C-40 Crusher 125641 | -5/Waste | EMP discharged 125741 | -5/Waste | EMP discharged 125809 | -5/Waste | Build established: Bothacker-Mutant 125817 | -5/Waste | Destroyed C-40 Crusher 125841 | -5/Waste | EMP discharged 125941 | -5/Waste | EMP discharged 126041 | -5/Waste | EMP discharged 126141 | -5/Waste | EMP discharged 126186 | -5/Waste | Destroyed C-40 Crusher 126241 | -5/Waste | EMP discharged 126341 | -5/Waste | EMP discharged 126441 | -5/Waste | EMP discharged 126541 | -5/Waste | EMP discharged 126641 | -5/Waste | EMP discharged 126721 | -5/Waste | Entered Factory 126751 | -5/Factory | Identified exit to Garrison 127481 | -5/Factory | Build established: Bothacker-Tank 127807 | -5/Factory | Cargo convoy interrupted 127837 | -5/Factory | Found Prototype Processor 127837 | -5/Factory | Identified Spectral Analyzer 127851 | -5/Factory | Destroyed 9 combat bots 127921 | -5/Factory | First assault squad dispatched 127936 | -5/Factory | Found Prototype Processor 127946 | -5/Factory | Identified Exp. Core Analyzer 128581 | -5/Factory | Build established: Scavenger-Gunner 129599 | -5/Factory | Fabricated Hyp. Railgun (x2) 129653 | -5/Factory | Found Prototype Processor 129653 | -5/Factory | Identified Exp. Targeting Computer 130044 | -5/Factory | Build established: Gunner 130096 | -5/Factory | Destroyed 10 combat bots 130335 | -5/Factory | System corruption reached 10% 130341 | -5/Factory | High security lockdown imminent 130421 | -5/Factory | High security lockdown engaged 130561 | -5/Factory | Destroyed 8 combat bots 130666 | -5/Factory | Destroyed 24 combat bots 130672 | -5/Factory | Sterilization system engaged 130672 | -5/Factory | Non-combat units ordered to evacuate 130689 | -5/Factory | Build established: Mutant 130772 | -5/Factory | Combat units ordered to evacuate 130813 | -5/Factory | Entered Garrison 130813 | -5/Garrison | Accompanied by 1 ally 130915 | -5/Garrison | Phase Generator disabled 131008 | -5/Garrison | Spotted B-75 Beast 131089 | -5/Garrison | Destroyed B-75 Beast 131109 | -5/Garrison | Triggered checkpoint 131211 | -5/Garrison | Build established: Gunner 131232 | -5/Garrison | Triggered checkpoint 131362 | -5/Garrison | Discovered new exit (range 14) 131512 | -5/Garrison | Discovered new exit (range 12) 131633 | -5/Garrison | Discovered new exit (range 12) 131661 | -5/Garrison | Expanded RIF knowledge: Hotswap 131758 | -5/Garrison | Build established: Scavenger-Gunner 132045 | -5/Garrison | Entered Factory 132045 | -4/Factory | Evolved 2 slots: Power x1, Utility x1 132225 | -4/Factory | Garrison activated, responded to threat 132344 | -4/Factory | Build established: Scavenger-Tank 132344 | -4/Factory | First assault squad dispatched 132598 | -4/Factory | Identified exit to Garrison 132598 | -4/Factory | Entered Garrison 132644 | -4/Garrison | Spotted B-86 Titan 132695 | -4/Garrison | Destroyed B-86 Titan 132732 | -4/Garrison | Lost 4 parts (2u2w) 132826 | -4/Garrison | Triggered checkpoint 132860 | -4/Garrison | Destroyed 13 combat bots 132867 | -4/Garrison | Lost 4 parts (1n2u1w) 133036 | -4/Garrison | Triggered checkpoint 133099 | -4/Garrison | Discovered new exit (range 10) 133174 | -4/Garrison | Triggered checkpoint 133231 | -4/Garrison | Discovered new exit (range 15) 133268 | -4/Garrison | Expanded RIF knowledge: Watcher Feeds 133287 | -4/Garrison | Triggered checkpoint 133393 | -4/Garrison | Triggered checkpoint 133639 | -4/Garrison | Discovered new exit (range 15) 133642 | -4/Garrison | Triggered checkpoint 133698 | -4/Garrison | Build established: Scavenger-Gunner 133731 | -4/Garrison | Found Unknown Device 133731 | -4/Garrison | Identified Quantum Capacitor 134030 | -4/Garrison | Garrison Relay disabled 134232 | -4/Garrison | Garrison Relay disabled 134333 | -4/Garrison | Triggered checkpoint 134413 | -4/Garrison | Garrison Relay disabled 134682 | -4/Garrison | Entered Research 134682 | -3/Research | Evolved 2 slots: Propulsion x1, Utility x1 134883 | -3/Research | Identified exit to Quarantine 134932 | -3/Research | First assault squad dispatched 134937 | -3/Research | Found Unknown Launcher 134937 | -3/Research | Identified Fusion Bomb Launcher 135095 | -3/Research | Build established: Bothacker-Gunner 135133 | -3/Research | Spotted B-90 Cyclops 135169 | -3/Research | Destroyed B-90 Cyclops 135202 | -3/Research | Entered Quarantine 135226 | -3/Quarantine | Found Prototype Launcher 135227 | -3/Quarantine | Identified Com. Tesla Bomb Launcher 135320 | -3/Quarantine | Found Alien Impact Weapon 135367 | -3/Quarantine | Identified exit to Garrison 135379 | -3/Quarantine | Found Alien Artifact 135458 | -3/Quarantine | Garrison activated, responded to threat 135503 | -3/Quarantine | Lost 3 parts (2u1w) 135620 | -3/Quarantine | Cryocooling Duct disabled 135620 | -3/Quarantine | Cryocooling Duct disabled 135635 | -3/Quarantine | Ambient heat levels rising (+40) 135635 | -3/Quarantine | Non-combat units ordered to evacuate 135635 | -3/Quarantine | Combat units ordered to evacuate 135638 | -3/Quarantine | Discovered new exit (range 21) 135642 | -3/Quarantine | Identified exit to Research 135699 | -3/Quarantine | Found Sigix Corpse 135706 | -3/Quarantine | Found Sigix Corpse 135735 | -3/Quarantine | Quarantine Guard activated 135804 | -3/Quarantine | Spotted Quarantine Guard 135816 | -3/Quarantine | Identified Core Stripper 135853 | -3/Quarantine | Destroyed Quarantine Guard 135879 | -3/Quarantine | Lost 3 parts (1p1n1u) 135943 | -3/Quarantine | Found Alien Artifact 135991 | -3/Quarantine | Spotted Quarantine Guard 136040 | -3/Quarantine | Spotted Quarantine Guard 136042 | -3/Quarantine | Spotted Quarantine Guard 136046 | -3/Quarantine | Destroyed Quarantine Guard 136055 | -3/Quarantine | Destroyed Quarantine Guard 136058 | -3/Quarantine | Destroyed Quarantine Guard 136085 | -3/Quarantine | Lost 4 parts (1p1n1u1w) 136161 | -3/Quarantine | Found Alien Energy Cannon 136165 | -3/Quarantine | Identified Core Cannon 136173 | -3/Quarantine | Spotted Quarantine Guard 136196 | -3/Quarantine | Destroyed Quarantine Guard 136302 | -3/Quarantine | Spotted Quarantine Guard 136310 | -3/Quarantine | Destroyed Quarantine Guard 136378 | -3/Quarantine | Found Alien Artifact 136495 | -3/Quarantine | Identified Subatomic Replicator 136619 | -3/Quarantine | Spotted Quarantine Guard 136645 | -3/Quarantine | Destroyed Quarantine Guard 136793 | -3/Quarantine | Met incapacitated Sigix Warrior 136793 | -3/Quarantine | Lockdown squad dispatched 136886 | -3/Quarantine | Spotted Lightning 136888 | -3/Quarantine | Spotted Lightning 136888 | -3/Quarantine | Spotted Lightning 136914 | -3/Quarantine | Destroyed Lightning 136941 | -3/Quarantine | Destroyed Lightning 136953 | -3/Quarantine | System corruption reached 10% 136954 | -3/Quarantine | Destroyed Lightning 136972 | -3/Quarantine | Found Prototype Device 136973 | -3/Quarantine | Identified Exp. EM Disruption Field 136980 | -3/Quarantine | Found Exp. Targeting Computer 136985 | -3/Quarantine | Found Prototype Energy Cannon 136987 | -3/Quarantine | Identified EMDS 137131 | -3/Quarantine | Spotted Quarantine Guard 137180 | -3/Quarantine | Destroyed Quarantine Guard 137251 | -3/Quarantine | Build established: Scavenger-Mutant 137292 | -3/Quarantine | Found Alien Artifact 137294 | -3/Quarantine | Identified Phase Redirector 137532 | -3/Quarantine | Spotted Quarantine Guard 137571 | -3/Quarantine | Destroyed Quarantine Guard 137786 | -3/Quarantine | Found Alien Artifact 137877 | -3/Quarantine | Identified Dimensional Node Initializer 137877 | -3/Quarantine | Initialized slip node 137972 | -3/Quarantine | Found Alien Artifact 137975 | -3/Quarantine | Found Alien Artifact 138005 | -3/Quarantine | Found Alien Artifact 138005 | -3/Quarantine | Identified Hpw. Transdimensional Reconstructor (x2) 138005 | -3/Quarantine | Warped through subspace to slip node 138599 | -3/Quarantine | Spotted Fortress 138626 | -3/Quarantine | Core integrity fell below 50% 138650 | -3/Quarantine | Destroyed Fortress 138674 | -3/Quarantine | Found Prototype Reactor 138674 | -3/Quarantine | Identified Vortex Chain Reactor 138678 | -3/Quarantine | Found Vortex Chain Reactor 138680 | -3/Quarantine | Lost 3 parts (2n1u) 138683 | -3/Quarantine | Found Exp. EM Disruption Field 138727 | -3/Quarantine | Found Prototype Device 138727 | -3/Quarantine | Identified Thermal Barrier 138731 | -3/Quarantine | Found Unknown Device 138731 | -3/Quarantine | Identified Antimissile System 138736 | -3/Quarantine | Found Prototype Device 138736 | -3/Quarantine | Identified Exp. Force Field 138761 | -3/Quarantine | Found Prototype Protection 138761 | -3/Quarantine | Identified Centrium Heavy Armor Plating 138828 | -3/Quarantine | Found Unknown Protection 138828 | -3/Quarantine | Identified Hvy. Insulated Plating 139462 | -3/Quarantine | Discovered new exit (range 6) 139462 | -3/Quarantine | Spotted Quarantine Guard 139467 | -3/Quarantine | Build established: Scavenger-Tank 139471 | -3/Quarantine | Destroyed Quarantine Guard 139769 | -3/Quarantine | Entered Section 7 139769 | -3/Section 7 | Identified Core Reset Matrix 139769 | -3/Section 7 | Identified Transdimensional Reconstructor 139769 | -3/Section 7 | Identified Terrabomb 139769 | -3/Section 7 | Used Core Reset Matrix 139773 | -3/Section 7 | Sensed 21 artifacts in vicinity 139775 | -3/Section 7 | Spotted S7 Guard 139818 | -3/Section 7 | Found Integrated Dissipator 139818 | -3/Section 7 | Installed Integrated Dissipator, increased core heat dissipation (+20) 140100 | -3/Section 7 | Destroyed 7 combat bots 140190 | -3/Section 7 | Found Integrated Dissipator 140190 | -3/Section 7 | Installed Integrated Dissipator, increased core heat dissipation (+20) 140302 | -3/Section 7 | Found Integrated Reactor 140302 | -3/Section 7 | Installed Integrated Reactor, increased core energy generation (+10) 140458 | -3/Section 7 | Discovered exit to Research (range 15) 140519 | -3/Section 7 | First assault squad dispatched 140683 | -3/Section 7 | Scanned by Researcher 140770 | -3/Section 7 | Crushed by falling debris 140779 | -3/Section 7 | Found Core Reset Matrix 140844 | -3/Section 7 | Found LRC Boosters 140844 | -3/Section 7 | Installed LRC Boosters, increased mass support (+10) 140847 | -3/Section 7 | Found LRC Insulator 140847 | -3/Section 7 | Installed LRC Insulator, gained EM resistance (25) 140872 | -3/Section 7 | Build established: Alien-Mutant 140932 | -3/Section 7 | Crushed by falling debris 140963 | -3/Section 7 | Lost 3 parts (1u2w) 140997 | -3/Section 7 | Spotted Executioner 140999 | -3/Section 7 | Spotted Executioner 141011 | -3/Section 7 | Integrated with Sigix Exoskeleton 141012 | -3/Section 7 | Sigix Warrior commented on Exoskeleton integration 141015 | -3/Section 7 | Destroyed Executioner 141090 | -3/Section 7 | Intercept squad dispatched 141097 | -3/Section 7 | Found Core Reset Matrix 141106 | -3/Section 7 | Spotted Tracker 141109 | -3/Section 7 | Spotted Combat Programmer 141114 | -3/Section 7 | Entered Research 141114 | -2/Research | Evolved 2 slots: Utility x2 141119 | -2/Research | Emitted hypermatrix ping 141124 | -2/Research | Assembled emerged from beneath the floor 141189 | -2/Research | Identified exit to Testing 141214 | -2/Research | Found Prototype Device 141214 | -2/Research | Identified Exp. Transmission Jammer 141306 | -2/Research | Build established: Alien-Sigix 141326 | -2/Research | Discovered new exit (range 18) 141364 | -2/Research | First assault squad dispatched 141412 | -2/Research | Intercept squad dispatched 141420 | -2/Research | Spotted Tracker 141420 | -2/Research | Spotted Tracker 141433 | -2/Research | Spotted Combat Programmer 141433 | -2/Research | Destroyed Tracker 141461 | -2/Research | Spotted Combat Programmer 141482 | -2/Research | Found Exp. Targeting Computer 141509 | -2/Research | Destroyed Combat Programmer 141512 | -2/Research | Destroyed Tracker 141514 | -2/Research | Destroyed Combat Programmer 141547 | -2/Research | Sigix Exoskeleton integrity reduced to 80% 141607 | -2/Research | Destroyed 13 combat bots 141643 | -2/Research | Discovered new exit (range 17) 141654 | -2/Research | Entered Testing 141762 | -2/Testing | Found Prototype Processor 141762 | -2/Testing | Identified Spectral Analyzer 141797 | -2/Testing | Discovered new exit (range 17) 141858 | -2/Testing | Entered Access 141858 | -1/Access | Evolved 2 slots: Utility x1, Weapon x1 141861 | -1/Access | Used Subatomic Replicator to replicate Sigix Sheargun 141863 | -1/Access | Emitted hypermatrix ping 141868 | -1/Access | Assembled emerged from beneath the floor 141892 | -1/Access | Assembled emerged from beneath the floor 142020 | -1/Access | Assembled emerged from beneath the floor 142180 | -1/Access | Assembled emerged from beneath the floor 142188 | -1/Access | Discovered new exit (range 16) 142192 | -1/Access | Intercept squad dispatched 142201 | -1/Access | Spotted B-99 Colossus 142201 | -1/Access | Spotted B-99 Colossus 142203 | -1/Access | Entered Command 142208 | -1/Command | Emitted hypermatrix ping 142213 | -1/Command | Assembled emerged from beneath the floor 142322 | -1/Command | Assembled emerged from beneath the floor 142677 | -1/Command | Spotted B-99 Colossus 142709 | -1/Command | Destroyed B-99 Colossus 142719 | -1/Command | Assembled emerged from beneath the floor 142899 | -1/Command | Disengaged cave seal 142939 | -1/Command | Disengaged cave seal 142939 | -1/Command | Assembled emerged from the dark tunnel 142953 | -1/Command | First assault squad dispatched 143021 | -1/Command | High security lockdown imminent 143101 | -1/Command | High security lockdown engaged 143263 | -1/Command | Destroyed 14 combat bots 143304 | -1/Command | Destroyed Investigator 143346 | -1/Command | Found Prototype Launcher 143347 | -1/Command | Identified Containment Facilitator 143512 | -1/Command | Destroyed 17 combat bots 143657 | -1/Command | Destroyed Striker 143666 | -1/Command | Spotted Striker 143667 | -1/Command | Spotted Striker 143672 | -1/Command | Destroyed Striker 143678 | -1/Command | Destroyed Striker 143694 | -1/Command | Spotted Executioner 143703 | -1/Command | Destroyed Executioner 143708 | -1/Command | Destroyed Executioner 143740 | -1/Command | Destroyed 13 combat bots 143818 | -1/Command | Destroyed 10 combat bots 143936 | -1/Command | Spotted Striker 143959 | -1/Command | Destroyed Striker 143965 | -1/Command | Spotted Striker 143970 | -1/Command | Spotted Executioner 143970 | -1/Command | Spotted Striker 143970 | -1/Command | Spotted Executioner 143997 | -1/Command | Spotted Striker 144017 | -1/Command | Destroyed Striker 144047 | -1/Command | Spotted Striker 144057 | -1/Command | Spotted Striker 144058 | -1/Command | Spotted Executioner 144069 | -1/Command | Destroyed Striker 144083 | -1/Command | Destroyed Striker 144104 | -1/Command | Destroyed 8 combat bots 144185 | -1/Command | Spotted Executioner 144188 | -1/Command | Spotted Executioner 144251 | -1/Command | Destroyed 11 combat bots 144260 | -1/Command | Destroyed Executioner 144263 | -1/Command | Found Prototype Device 144264 | -1/Command | Identified Adv. Kinecellerator 144284 | -1/Command | Destroyed Executioner 144362 | -1/Command | Destroyed Executioner 144455 | -1/Command | Destroyed Striker 144461 | -1/Command | Destroyed Executioner 144466 | -1/Command | Destroyed Striker 144537 | -1/Command | Destroyed Striker 144554 | -1/Command | Destroyed Striker 144574 | -1/Command | Destroyed Executioner 145578 | -1/Command | Destroyed 7 combat bots 146024 | -1/Command | Destroyed 8 combat bots 146082 | -1/Command | Destroyed 13 combat bots 146152 | -1/Command | Destroyed 8 combat bots 146223 | -1/Command | Assembled emerged from beneath the floor 146335 | -1/Command | Destroyed 10 combat bots 146531 | -1/Command | Core integrity fell below 50% 146661 | -1/Command | Destroyed 11 combat bots 147032 | -1/Command | Destroyed 14 combat bots 147112 | -1/Command | Destroyed 9 combat bots 147344 | -1/Command | Crushed by falling debris 147781 | -1/Command | Spotted Combat Programmer 147794 | -1/Command | Destroyed Combat Programmer 147827 | -1/Command | Crushed by falling debris 147905 | -1/Command | Sigix Exoskeleton integrity reduced to 60% 147907 | -1/Command | Destroyed M Guard 147924 | -1/Command | Destroyed M Guard 147947 | -1/Command | Found Prototype Device 147947 | -1/Command | Identified AEGIS Remote Shield 147981 | -1/Command | Spotted Combat Programmer 147992 | -1/Command | Destroyed Combat Programmer 147992 | -1/Command | All MAIN.C guards destroyed 148074 | -1/Command | Assembled emerged from beneath the floor 148169 | -1/Command | Spotted B-99 Colossus 148173 | -1/Command | Destroyed B-99 Colossus 148351 | -1/Command | Assembled emerged from beneath the floor 148406 | -1/Command | Discovered new exit (range 18) 148586 | -1/Command | Assembled emerged from beneath the floor 149333 | -1/Command | Destroyed 22 combat bots 149701 | -1/Command | Destroyed 9 combat bots 149795 | -1/Command | Destroyed 12 combat bots 149945 | -1/Command | Destroyed 16 combat bots 150135 | -1/Command | Destroyed 10 combat bots 150224 | -1/Command | Destroyed 14 combat bots 150366 | -1/Command | Destroyed 17 combat bots 150442 | -1/Command | Destroyed 7 combat bots 150528 | -1/Command | Destroyed 12 combat bots 150576 | -1/Command | Destroyed Executioner 150601 | -1/Command | Destroyed Striker 150608 | -1/Command | Destroyed Executioner 150659 | -1/Command | Destroyed Executioner 150664 | -1/Command | Destroyed Alpha 7 150807 | -1/Command | Destroyed Alpha 7 150817 | -1/Command | Destroyed Executioner 150841 | -1/Command | Spotted Striker 150841 | -1/Command | Destroyed Striker 151015 | -1/Command | Destroyed B-99 Colossus 151257 | -1/Command | Destroyed B-99 Colossus 151810 | -1/Command | Used Terrabomb 151900 | -1/Command | Met MAIN.C 151987 | -1/Command | MAIN.C's shell transforms into a squad of autonomous robots 151987 | -1/Command | Destroyed MAIN.C Shell 151987 | -1/Command | Spotted M Shell/Atk 151990 | -1/Command | MAIN.C activated Command garrisons 152072 | -1/Command | Core integrity fell below 20% 152078 | -1/Command | Sigix Exoskeleton integrity reduced to 40% 152093 | -1/Command | Destroyed MAIN.C 152099 | -1/Command | Found Prototype Reactor 152099 | -1/Command | Identified Zero-point Reactor 152106 | -1/Command | Discovered new exit (range 185) 152106 | -1/Command | Discovered new exit (range 107) 152106 | -1/Command | Extracted map data and part IDs from MAIN.C's data core 152152 | -1/Command | Spotted M Shell/Atk 152216 | -1/Command | Spotted M Shell/Def 152223 | -1/Command | Destroyed M Shell/Atk 152223 | -1/Command | Destroyed M Shell/Def 152226 | -1/Command | Found Exp. Weapon Cycler 152228 | -1/Command | Found Antimissile System 152250 | -1/Command | Spotted M Shell/Def 152250 | -1/Command | Destroyed M Shell/Def 152289 | -1/Command | 0b10 Conduit disabled 152552 | -1/Command | Found Omega Cannon 152668 | -1/Command | Found Cld. Nova Cannon 152671 | -1/Command | Found Exp. Armor Integrity Analyzer 152810 | -1/Command | Crushed by falling debris 152991 | -1/Command | Phase Generator disabled 153198 | -1/Command | Crushed by falling debris 153250 | *** | Destroyed 0B10! Last Messages --------------- 53123_ Sigix Exoskeleton reveals location of hidden door. 53145_ Quantum Shear penetrates Wall. 53145_ Quantum Shear penetrates Earth. 53187_ Quantum Shear penetrates Wall. 53187_ Quantum Shear penetrates Earth. 53189_ Quantum Shear penetrates Wall. 53189_ Quantum Shear penetrates Earth. 53199_ The unstable cave ceiling collapses. 53199_ Crushed by falling debris. 53199_ Exp. EM Disruption Field destroyed. 53214_ Acquired 10 matter. 53221_ Attempting to rewire Y-72 Warden. 53221_ Y-72 Warden is broken beyond repair. 53222_ Quantum Shear penetrates Y-72 Warden. 53222_ Quantum Shear penetrates Wall. 53224_ Quantum Shear penetrates Y-72 Warden. 53226_ Y-72 Warden destroyed. 53229_ Acquired Com. Wheel. [Achievement: Payload Armed] [Achievement: Winner's Signature] Map ----- +----------------------------------------------------+ | #### "" # + ##########"" | | ##=# # # ########## | | !###!! # = ############### | | = "%!%=[ # # ######### | | !*########### # " * | | # # " + *= " | | # # " # %/ !%%! | | "" # "" + # " ######### """" | | "" # """" # # """ "" ########## " "" | | "" # """" # # "T ## ########## "" | | "Y # "" # # """ ## ################# | | "" # #% # "" ## ################# | | "" # # # ## ################# | | "" ##+###+#### # ## ################# | | # ] + ########## ################# | | # # ########## ################# | | ##+### # # #= ############### | | ## ### # + =%! #%* ############### | | ## ### "" # # %! #= ############### | | ## ### """" # #! ] # ############### | | ## + """" # # + ############### | | ###### "" # # = # ############### | | ######+######### ########## ############### | | ###### ######### ########## ############### | | ###### ######### #### ##! ############### | | ###### ######### #### X ##%= ############### | | ###### ######### #### ##% ############### | | ###### ######### ###### ##= ############### | | ###### ######### ###### ##% ############### | | ###### ######### ###### ################## | | ###### ######### ###### %################## | | ######+######### ###### ################## | | + #################? | | ###### #################? | | ###### ################## | | ###### ### #################? | | ###### ### #################? | | + ### #################? | | # ### #################? | | # ######+####+#################? | | # #^ ###############?? | | # + ###############?? | | ########### | ###############?? | | ########### ##############??? | | ##################### #############???? | | ##############################################???? | | #############################################????? | | ############################################?????? | | ###########################################??????? | | #########################################????????? | +----------------------------------------------------+ Best States ------------- Heat Dissipation 183 Coolant Potential 120 Energy Generation 79 Energy Capacity 700 Matter Stores 550 Matter Capacity 700 Sight Range 24 Robot Scan Range 16 Terrain Scan Range 24 Terrain Scan Density 10 Jamming Range 22 Power Amplification 20 Additional Mass Support 25 Base Temperature (-) 200 EM Shielding 2 Armor Coverage 3200 Resistance: KI 50 Resistance: TH 50 Resistance: EX 50 Resistance: EM 100 Resistance: I 50 Resistance: S 50 Resistance: P 50 Core Shielding 30 Propulsion Shielding 33 Weapon Shielding 90 Point Defense Rating 240 Weapon Cycling 30 Phase Shifting 10 Evasion (%) 76 Targeting Accuracy 12 Melee Accuracy 6 Target Analysis 6 Core Analysis 8 Armor Integrity Analysis 50 Recoil Reduction 12 Energy Filtering 30 Particle Charging 15 Kinecelleration 50 Offensive Hacking 24 Defensive Hacking 22 Relay Coupler Types 1 Relay Coupler Value 29 Item Schematics ----------------- None Robot Schematics ------------------ None Fabricated ------------ Transport Network Coupler | x2 | -7/Factory Arm. Wheel | x2 | -6/Factory Hyp. Railgun | x2 | -5/Factory Alien Tech Used ----------------- Core Stripper Core Cannon Phase Redirector Dimensional Node Initializer High-powered Transdimensional Reconstructor Core Reset Matrix Integrated Dissipator Integrated Reactor LRC Boosters LRC Insulator Sigix Exoskeleton Sigix Sheargun Subatomic Replicator Terrabomb Achievements -------------- Equal Opportunity Bot Nope Payload Armed Signature Confirmed Sunderer Superinsulated Winner's Signature Challenges ------------ None Game ------ Seed PlasmaCoreSegregator Manual? 0 Play Time 19:17:10 Cumulative 354.2 hours Start 2022.04.28 @ 15:35:39 End 2022.05.01 @ 19:18:53 Sessions 29 Manual Loads 0 Difficulty Rogue Special Mode None Game No. 106 Rogue 106 Adventurer 0 Explorer 0 Win Type 3 Total 7 Types 3/1/0/1/2/0/0/0/0 Lore% 65 Gallery% 77 Achievement% 69 Wizard Run 0 Options --------- ASCII 0 Keyboard 0 Movement Arrows Keybinds 0 Fullscreen 0 Font 28/SmallcapsGlow Map View 72x54 Tactical HUD 1 Map Filters NONE Filters NONE Steam 1 RUN: 00416e1f-35ee-444b-8763-7cc110b2b582